 Dungeon Crawl Stone Soup version 0.32-a0-12-g7fc57aa741 (webtiles) character file.

Game seed: 4102502895071668431

73174860 Sapher the Intangible (level 27, 193/193 HPs)
             Began as a Spriggan Enchanter on Jan 13, 2024.
             Was the Champion of Jiyva.
             Escaped with the Orb
             ... and 15 runes
             ... and 10 gems on Jan 14, 2024!
             The game lasted 10:08:46 (19885 turns).

Sapher the Intangible (Spriggan Enchanter)         Turns: 19885, Time: 10:08:47

Health: 193/193    AC: 41    Str:  7    XL:     27
Magic:  63/63      EV: 55    Int: 34    God:    Jiyva [******]
Gold:   1531       SH:  0    Dex: 27    Spells: 10/76 levels left

rFire   + + +        O - +7 Spriggan's Knife {stab, EV+4 Stlth+}
rCold   + + +        z - orb {guile}
rNeg    + + .        g - melded +1 robe {Will+}
rPois   ∞            B - +3 hat of Pondering {ponderous, Will+ MP+10 Int+5}
rElec   +            t - +2 cloak {rPois}
rCorr   +            (gloves unavailable)
SInv    +            (boots unavailable)
Will    ++++.        f - amulet of Finality {Spirit rC++ Str+3}
Stlth   ++++         s - ring of Circularity {rF+++ rCorr Dex+4}
HPRegen 3.72/turn    x - ring of the Oligarchy {rC+ rN+ Will+ Dex+6}
MPRegen 1.18/turn

%: guardian spirit
@: statue-form, studying Air Magic, very slow
A: slow and powerful, torment resistance 1, boosted hp, very small, no large
weapons, unfitting armour, see invisible, (speed 3), antennae 2, regeneration 2,
wild magic 1, acidic bite, eyeballs 1, translucent skin 3, tendrils, MP-powered
wands, sturdy frame 2, engulf
0: Orb of Zot
}: 15/15 runes: decaying, slimy, silver, golden, iron, obsidian, icy, bone,
abyssal, demonic, glowing, magical, fiery, dark, gossamer
a: Begin Untransformation, Renounce Religion, Oozemancy, Slimify


You escaped.
You worshipped Jiyva.
Jiyva was exalted by your worship.
You were a living statue of rough stone.
You visited 17 branches of the dungeon, and saw 87 of its levels.
You visited Pandemonium 1 time, and saw 17 of its levels.
You visited the Abyss 1 time.
You visited 1 bazaar.
You visited 1 ziggurat, and saw 13 of its levels.

You collected 3078 gold pieces.
You spent 1547 gold pieces at shops.

Inventory:

Hand Weapons
 a - the +9 long sword of Fexupatz {heavy, Int+9 SInv}
   (You took it off a deep elf knight on level 2 of the Elven Halls)

   Int+9:     It affects your intelligence (+9).
   SInv:      It lets you see invisible.
 p - a +0 dagger of distortion
 u - the +9 scimitar of the Glowing Stoat {freeze, rElec Str+3 SInv}
   (You found it on level 3 of the Elven Halls)

   Str+3:     It affects your strength (+3).
   rElec:     It insulates you from electricity.
   SInv:      It lets you see invisible.
 M - a +9 eudemon blade of holy wrath
 O - the +7 Spriggan's Knife (weapon) {stab, EV+4 Stlth+}
   (You found it on level 3 of the Elven Halls)

   Stab:      It is more effective when stabbing unaware enemies, sometimes
   treating them as though they were completely helpless.
   EV+4:      It affects your evasion (+4).
   Stlth+:    It makes you more stealthy.
Armour
 g - a +1 robe of willpower (melded)
 t - a +2 cloak of poison resistance (worn)
 y - the +1 hat "Goqeafuw" {Rampage Stlth+}
   (You found it on level 4 of the Spider Nest)

   Rampage:   It bestows one free step when moving towards enemies.
   Stlth+:    It makes you more stealthy.
 z - an orb of guile (worn)
 B - the +3 hat of Pondering (worn) {ponderous, Will+ MP+10 Int+5}
   (You found it on level 2 of the Depths)

   Int+5:     It affects your intelligence (+5).
   Will+:     It increases your willpower.
   MP+10:     It affects your magic capacity (+10).
 P - the scarf "Ceurphi Heko" {+Inv, rCorr Str-3 Dex+7 Stlth+}
   (You found it on level 3 of the Elven Halls)

   Str-3:     It affects your strength (-3).
   Dex+7:     It affects your dexterity (+7).
   rCorr:     It protects you from acid and corrosion.
   Stlth+:    It makes you more stealthy.
 U - the +5 moon troll leather armour {Spirit, Regen++ MP+5}
   (You found it on level 1 of the Vaults)

   MP+5:      It affects your magic capacity (+5).
   Regen++:   It increases your rate of health regeneration.
Magical Staves
 Q - the staff of Blood-Lust {rF+ rC+ Str+2 Ice}
   (You found it on level 11 of a ziggurat)

   [staff of cold]

   Base accuracy: +5 Base damage: 5 Base attack delay: 1.2 This weapon's minimum
   attack delay (0.6) is reached at skill level 12.
   Str+2:     It affects your strength (+2).
   rF+:       It protects you from fire.
   rC+:       It protects you from cold.
   Ice:       It increases the power of your Ice spells.
   It falls into the 'Staves' category.
   It is a two-handed weapon.
 R - the staff of Qeklului {rCorr Str+5 Conj}
   (You found it on level 3 of the Elven Halls)

   [staff of conjuration]

   Base accuracy: +5 Base damage: 5 Base attack delay: 1.2 This weapon's minimum
   attack delay (0.6) is reached at skill level 12.
   Str+5:     It affects your strength (+5).
   rCorr:     It protects you from acid and corrosion.
   Conj:      It increases the power of your Conjurations spells.
   It falls into the 'Staves' category.
   It is a two-handed weapon.
Jewellery
 f - the amulet of Finality (around neck) {Spirit rC++ Str+3}
   (You found it on level 5 of a ziggurat)

   [amulet of guardian spirit]

   Spirit:    It causes incoming damage to be divided between your reserves of
   health and magic.
   Str+3:     It affects your strength (+3).
   rC++:      It greatly protects you from cold.
 s - the ring of Circularity (left fist) {rF+++ rCorr Dex+4}
   (You found it on level 6 of a ziggurat)

   [ring of resist corrosion]

   Dex+4:     It affects your dexterity (+4).
   rF+++:     It renders you almost immune to fire.
   rCorr:     It protects you from acid and corrosion.
 x - the ring of the Oligarchy (right fist) {rC+ rN+ Will+ Dex+6}
   (You found it on level 2 of the Depths)

   [ring of dexterity]

   Dex+6:     It affects your dexterity (+6).
   rC+:       It protects you from cold.
   rN+:       It protects you from negative energy.
   Will+:     It increases your willpower.
 C - the ring "Cumeocux" {rC+ Str+6}
   (You found it on level 3 of the Depths)

   [ring of strength]

   Str+6:     It affects your strength (+6).
   rC+:       It protects you from cold.
 H - the ring "Ranirph" {Wiz rPois rF++}
   (You found it on level 3 of the Depths)

   [ring of wizardry]

   Wiz:       It improves your spell success rate.
   rF++:      It greatly protects you from fire.
   rPois:     It protects you from poison
 K - the amulet "Vamex" {Acrobat Will+}
   (You found it on level 5 of the Pits of Slime)

   [amulet of the acrobat]

   Acrobat:   It increases your evasion while moving and waiting.
   Will+:     It increases your willpower.
 L - a ring of flight
Talismans
 N - a granite talisman (active)
Wands
 r - a wand of charming (22)
 v - a wand of roots (39)
 Z - a wand of acid (17)
Scrolls
 b - a scroll of silence
 c - 2 scrolls of teleportation
 l - 4 scrolls of enchant armour
 n - a scroll of fear
 E - 3 scrolls of amnesia
Potions
 e - 6 potions of mutation
 h - 3 potions of enlightenment
 i - 6 potions of attraction
 j - 4 potions of lignification
 m - 5 potions of might
 w - a potion of berserk rage
 S - 2 potions of magic
 T - 8 potions of curing
 V - 6 potions of heal wounds
Miscellaneous
 d - the horn of Geryon (inert)
 q - a figurine of a ziggurat
 F - a phial of floods
 I - a lightning rod (4/4)


   Skills:
 + Level 16.9 Fighting
 - Level 10.0(14.3) Short Blades
 - Level 12.9(13.7) Long Blades
 - Level 4.0 Throwing
 O Level 27 Dodging
 - Level 25.9 Stealth
 + Level 25.4 Spellcasting
 - Level 11.0 Conjurations
 - Level 18.0 Hexes
 + Level 22.3 Summonings
 - Level 5.0 Necromancy
 - Level 11.0 Translocations
 - Level 6.1 Air Magic
 - Level 5.9 Earth Magic
 - Level 12.0 Evocations
 - Level 23.0 Shapeshifting


You had 10 spell levels left.
You knew the following spells:

 Your Spells              Type           Power      Damage    Failure   Level
a - Passwall              Erth           83%        N/A       1%          3
b - Borgnjor's Vile Clut  Necr/Erth      40%        N/A       3%          5
c - Confusing Touch       Hex            100%       N/A       1%          3
d - Dazzling Flash        Conj/Hex       100%       N/A       1%          3
e - Ensorcelled Hibernat  Hex/Ice        100%       N/A       1%          2
l - Dragon's Call         Summ           65%        N/A       10%         9
m - Manifold Assault      Tloc           100%       N/A       1%          4
n - Orb of Destruction    Conj           50%        9d13      8%          7
s - Spellforged Servitor  Conj/Summ      58%        N/A       1%          7
z - Passage of Golubria   Tloc           100%       N/A       1%          4
B - Blink                 Tloc           100%       N/A       1%          2
D - Discord               Hex            60%        N/A       4%          8
S - Silence               Hex/Air        52%        N/A       1%          5
X - Iskenderun's Mystic   Conj/Tloc      100%       2d19      1%          4

Your spell library contained the following spells:

 Spells                   Type           Power      Damage    Failure   Level
 Foxfire                  Conj/Fire      100%       2x1d9     1%          1
 Kiss of Death            Conj/Necr      100%       2d13      1%          1
 Magic Dart               Conj           100%       1d8       1%          1
 Sandblast                Erth           100%       2d20      1%          1
 Shock                    Conj/Air       100%       1d9       1%          1
 Sting                    Conj/Alch      100%       1d9       1%          1
 Summon Small Mammal      Summ           100%       N/A       1%          1
 Call Imp                 Summ           100%       N/A       1%          2
 Cigotuvi's Dreadful Rot  Necr/Alch/Air  100%       N/A       1%          2
 Momentum Strike          Conj/Tloc      100%       3d10      1%          2
 Scorch                   Fire           100%       2d9       1%          2
 Call Canine Familiar     Summ           100%       N/A       1%          3
 Gell's Gravitas          Tloc           100%       N/A       1%          3
 Hailstorm                Conj/Ice       81%        3d14      1%          3
 Inner Flame              Hex/Fire       94%        N/A       1%          3
 Stone Arrow              Conj/Erth      100%       3d13      1%          3
 Summon Ice Beast         Ice/Summ       100%       N/A       1%          3
 Swiftness                Air            84%        N/A       1%          3
 Tukima's Dance           Hex            100%       N/A       1%          3
 Volatile Blastmotes      Fire/Tloc      100%       2d18      1%          3
 Animate Armour           Summ/Erth      100%       N/A       1%          4
 Cause Fear               Hex            60%        N/A       1%          4
 Dimensional Bullseye     Hex/Tloc       55%        N/A       1%          4
 Summon Blazeheart Golem  Fire/Summ      100%       N/A       1%          4
 Summon Lightning Spire   Summ/Air       100%       N/A       1%          4
 Vhi's Electric Charge    Tloc/Air       100%       N/A       1%          4
 Arcjolt                  Conj/Air       46%        1d56      1%          5
 Yara's Violent Unravell  Hex/Alch       47%        3d18      1%          5
 Dispersal                Tloc           50%        N/A       1%          6
 Summon Hydra             Summ           65%        N/A       1%          7
 Freezing Cloud           Conj/Ice/Air   41%        6-21      2%          5
 Lee's Rapid Deconstruct  Erth           41%        3d20*     2%          5
 Leda's Liquefaction      Alch/Erth      35%        N/A       3%          4
 Petrify                  Alch/Erth      70%        N/A       3%          4
 Fireball                 Conj/Fire      40%        3d16      3%          5
 Bombard                  Conj/Erth      46%        9d8       4%          6
 Conjure Ball Lightning   Conj/Air       46%        3x3d16    4%          6
 Sticky Flame             Fire/Alch      54%        2d10      9%          4
 Starburst                Conj/Fire      40%        6d12      13%         6
 Plasma Beam              Fire/Air       35%        2x1d48    32%         6
 Disjunction              Tloc           50%        N/A       45%         8
 Sculpt Simulacrum        Ice/Alch       27%        N/A       71%         6
 Lehudib's Crystal Spear  Conj/Erth      46%        10d11     80%         8
 Maxwell's Capacitive Co  Air            42%        ∞         98%         8
 Sublimation of Blood     Necr           Unusable   N/A       N/A         2

Dungeon Overview and Level Annotations

Branches:
Dungeon (15/15)              Lair (5/5) D:11          Swamp (4/4) Lair:3
 Spider (4/4) Lair:2        Slime (5/5) Lair:5          Orc (2/2) D:10
    Elf (3/3) Orc:2        Vaults (5/5) D:14          Crypt (3/3) Vaults:2
   Tomb (3/3) Crypt:3      Depths (4/4) D:15           Hell (visited)
    Dis (7/7) Hell            Geh (7/7) Hell            Coc (7/7) Hell
    Tar (7/7) Hell            Zot (5/5) Depths:4
 Temple: D:4-7

Altars:
Elyvilon
Fedhas
Kikubaaqudgha
Qazlal
Sif Muna
Uskayaw
Wu Jian
Jiyva

Shops:
D:9 *   D:11 ?   D:13 !   Orc:2 :(*[*!   Elf:2 =

Portals:
Hell: Depths:2 Depths:3 Depths:4
Abyss: Depths:2
Pandemonium: Depths:2

Annotations:
Lair:3 Kirke
Swamp:4 Mara
Elf:1 3 runed translucent doors
Elf:2 3 runed translucent doors, Qyvoanyo's ghost, adept DEFE
Elf:3 exclusion: upstairs
Crypt:1 Sojobo
Depths:1 Norris
Depths:2 Josephina
Depths:4 4 exclusions
Zot:1 3 runed translucent doors, Emnejil's ghost, master VSBe
Zot:3 Mnoleg


Innate Abilities, Weirdness & Mutations

You are a living statue of rough stone.
Your actions are slow, but your melee attacks are powerful.
You are resistant to unholy torment.
Your maximum health is greatly increased.
Your equipment is partially melded.
You are very small and have problems with some larger weapons.
You are too small for most types of armour.
You are immune to poison.
You have supernaturally acute eyesight. (SInv)
((You cover ground extremely quickly. (Speed+++)))
You have a pair of antennae on your head.
You heal very quickly.
Your spells are a little harder to cast, but a little more powerful.
You have acidic saliva.
Your body has grown eyes which may confuse attackers. (Acc +3)
Your transparent skin significantly reduces your foes' accuracy. (Stealth+)
You are covered in slimy tendrils that may disarm your opponents.
You expend magic power (3 MP) to strengthen your wands.
Your movements are less encumbered by armour. (ER -4)
Your melee attacks may engulf your foes in ooze.


Message History

There is a passage of Golubria here.
Press: ? - help, v - describe, . - travel, g - get item Item here: a book of Spatial Translocations.
The floor.
Unknown command.
Casting: Passage of Golubria (safe; 1% risk of failure)
Confirm with . or Enter, or press ? or * to list all spells.
Aiming: Passage of Golubria (safe; 1% risk of failure)
Press: ? - help, Dir - move target The rat squeaks loudly.
The kobold enters the passage of Golubria.
The dart slug launches a dart at you. The slug dart misses you.
You enter the passage of Golubria.
The kobold completely misses you.
Aiming: Dig
Press: ? - help, Shift-Dir - straight line This square is covered in magical glow.
You feel a surge of power!
The rock shatters into small pieces.
The kobold completely misses you. x2
Your tendrils lash around the kobold's +0 club and pull it to the ground!
Casting: Passage of Golubria (safe; 1% risk of failure)
Confirm with . or Enter, or press ? or * to list all spells.
Aiming: Passage of Golubria (safe; 1% risk of failure)
Press: ? - help, Dir - move target, f - you
Okay, then.
Blink to where?
Press: ? - help, Dir - move target
Found 18 gold pieces.
As you read the scroll of blinking, it crumbles to dust.
Aiming: Dig
Press: ? - help, Shift-Dir - straight line You can't see that place. [a staircase leading out of the dungeon.]
You feel a surge of power!
The rock shatters into small pieces.
The now-empty wand crumbles to dust.
The kobold throws a stone.
The stone closely misses you.
Blink to where?
Press: ? - help, Dir - move target
As you read the scroll of blinking, it crumbles to dust.
You have escaped!

.....# #.....#
#..###.##### .....#
#.....####..##.###
.....#
.............#########
.....##
...#####.###..#.......
....... . ##.#
##......... .....##
#####.#######......[.
.....#
.$........#...#........
.....#
.#####.##.#.#.#........
.......
#....8...#.#.#........
######.
#.###.####.#.#.....$..
#..........#.#........
####.#######.#........
...................
#.#.#.######........ ..
##+###### ##.


There were no monsters in sight!

Vanquished Creatures
  Cerebov (Pan)
  Asmodeus (Geh:7)
  Gloorx Vloq (Pan)
  4 dread liches
  A seraph (Pan)
  Frederick (Depths:4)
  Mennas (Crypt:1)
  An orb of fire (Zot:2)
  An ancient lich (Zig:4)
  2 juggernauts
  Xtahua (Vaults:5)
  A pandemonium lord (Pan)
  12 royal mummies
  10 shard shrikes
  4 caustic shrikes
  Geryon (Hell)
  3 golden dragons
  The ghost of Kaejerax the Warrior, an adept MiFi of Okawaru (Depths:2)
  6 profane servitors
  4 doom hounds
  6 Brimstone Fiends
  12 Tzitzimimeh
  A spectral shard shrike (Tar:3)
  4 bone dragons
  7 tentacled monstrosities
  2 iron giants
  2 Hell Sentinels
  An electric golem (Zot:5)
  3 hellephants
  Jorgrun (D:14)
  3 Ice Fiends
  6 tainted leviathans
  3 liches
  4 searing wretches
  2 Orb Guardians
  4 titans
  Frances (D:12)
  12 ancient champions
  6 deep elf blademasters
  A tentacled starspawn (Abyss:5)
  A quicksilver dragon (Zot:1)
  2 sphinxes
  17 Executioners (Pan)
  A death cob (Zot:2)
  3 deep elf master archers (Zig:7)
  2 thorn hunters (Abyss:5)
  7 storm dragons
  5 shadow dragons
  A revenant (Tomb:1)
  8 tengu reavers
  Donald (Swamp:3)
  2 protean progenitors (Zot:4)
  A fenstrider witch (Pan)
  2 draconian monks (Zot:1)
  4 nagarajas
  5 demonspawn warmongers (Pan)
  2 daevas (Pan)
  2 iron dragons
  2 draconian knights
  6 emperor scorpions
  8 vault wardens
  10 fire giants
  3 narguns
  2 ghost moths (Spider:4)
  Louise (Swamp:2)
  8 deep elf sorcerers
  14 balrugs
  4 frost giants
  3 curse skulls
  2 draconian shifters
  2 spectral caustic shrikes (Tar:2)
  8 angels (Pan)
  A draconian scorcher (Depths:4)
  A spectral juggernaut (Tar:2)
  2 deep elf elementalists (Elf:3)
  3 shard shrike simulacra
  2 quicksilver elementals
  A draconian stormcaller (Zig:8)
  A caustic shrike zombie (Tomb:3)
  7 cacodemons (Pan)
  12 stone giants
  12 reapers
  13 very ugly things
  4 demonspawn blood saints (Pan)
  3 ironbound thunderhulks
  3 draconian annihilators
  6 orc warlords
  5 vampire knights
  3 broodmothers
  6 ironbound preservers
  A juggernaut skeleton (Pan)
  A green draconian (Zig:8)
  Nessos (D:14)
  7 ophanim (Pan)
  3 apis (Pan)
  2 demonspawn corrupters (Pan)
  3 white draconians
  6 elemental wellsprings
  3 deep elf demonologists
  3 black draconians
  2 eleionomae
  A lorocyproca (Pan)
  17 deep elf annihilators
  5 demonspawn black suns
  3 red draconians
  3 putrid mouths (Tar:4)
  A bunyip (Swamp:4)
  5 deep elf death magi
  7 spark wasps
  3 bennus
  A purple draconian (Zot:1)
  6 wendigos
  A spectral titan (Tar:1)
  14 war gargoyles
  2 yellow draconians
  A dire elephant (Abyss:5)
  An eidolon (Tar:2)
  15 iron golems
  4 blizzard demons (Pan)
  3 green deaths
  5 mummy priests
  A merfolk impaler (Depths:4)
  25 ettins
  9 jiangshi
  3 entropy weavers
  3 spectral spriggans
  A spriggan zombie (Hell)
  5 fire dragons
  7 yaktaur captains
  9 deep elf high priests
  6 rakshasas
  14 hydras
  An ogre mage (Vaults:5)
  8 caustic shrike simulacra
  2 ironbound frosthearts
  4 jorogumos
  8 ice dragons
  26 vault guards
  A catoblepas (Lair:2)
  4 ghost crabs
  5 salamander tyrants
  4 spriggan air magi
  A juggernaut simulacrum (Coc:6)
  5 alligators
  8 centaur warriors
  3 boulder beetles
  2 stokers
  A merfolk avatar (Lair:5)
  5 two-headed ogres
  A satyr (Zot:4)
  A naga warrior (Zig:12)
  A radroach (Spider:2)
  4 death scarabs
  10 dancing weapons
  4 deep troll shamans
  3 spriggan berserkers
  An orc high priest (Zig:11)
  12 hell hogs
  2 naga sharpshooters (Zig:12)
  10 deep troll earth magi
  4 vampire magi
  A thrashing horror (Abyss:5)
  2 occultists
  6 tengu warriors
  2 shock serpents (Zig:12)
  A hell knight (Hell)
  10 demonic crawlers
  Sonja (Lair:3)
  2 spriggans
  9 soul eaters
  13 iron trolls
  A wretched star (Abyss:3)
  2 skysharks
  12 deep elf knights
  24 sun demons
  3 pharaoh ants
  3 skeletal warriors
  3 goliath frogs
  10 shadow wraiths
  A spatial maelstrom (Zig:2)
  A sea snake (Lair:5)
  7 sixfirhies (Pan)
  A spriggan druid (Swamp:3)
  A mana viper (Zig:12)
  7 cherubim (Pan)
  3 shadow demons (Pan)
  2 flayed ghosts (Depths:2)
  A quicksilver dragon simulacrum (Coc:7)
  3 hellephant skeletons (Pan)
  2 orange crystal statues
  A spectral hydra (Tar:2)
  16 deep elf archers
  An arcanist (Vaults:2)
  2 naga ritualists (Zig:12)
  39 deep trolls
  9 swamp dragons
  9 orb spiders
  2 obsidian statues (Zig:9)
  6 sun moths
  16 orc knights
  17 deep elf pyromancers
  5 phantasmal warriors
  4 lindwurms
  2 wolf spider zombies (Spider:4)
  8 ironbound convokers
  2 spriggan simulacra
  4 oklob plants (Lair:2)
  5 spectral wolf spiders (Spider:4)
  6 steelbarb worms
  3 necromancers
  17 ugly things
  16 wolf spiders
  14 deep elf zephyrmancers
  3 orc sorcerers
  A faun (Zig:7)
  A will-o-the-wisp (Swamp:1)
  A cyclops (shapeshifter) (Vaults:5)
  4 cyclopes
  A manticore (D:14)
  5 worldbinders
  An alligator skeleton (Hell)
  10 elephants
  2 spectral centaurs
  9 moths of wrath
  A rust devil (Pan)
  3 meliai (D:13)
  A spectral ettin (Tar:2)
  4 guardian serpents
  6 black mambas
  A water nymph (Abyss:5)
  9 kobold blastminers
  5 smoke demons
  3 titan simulacra
  An ice statue (Zig:9)
  Jeremiah (D:7)
  A black mamba (shapeshifter) (Elf:3)
  4 orange demons (Pan)
  A torpor snail (Spider:2)
  3 unseen horrors
  10 cane toads
  4 molten gargoyles (Geh:7)
  14 vault sentinels
  2 gargoyles
  5 hellions
  3 komodo dragons
  4 large abominations
  A bunyip simulacrum (Coc:2)
  3 efreet (Pan)
  7 yaktaurs
  2 anaconda simulacra
  A spectral naga (Tar:3)
  3 rime drakes
  3 freezing wraiths
  2 spark wasp simulacra (Depths:2)
  A red devil (Pan)
  8 tormentors
  An ice devil (Hell)
  2 guardian mummies
  4 tengu conjurers
  3 polar bears
  A silent spectre (Tar:5)
  4 spectral harpies
  2 ancient zymes
  A hydra zombie (Hell)
  3 hellwings (Pan)
  A tengu simulacrum (Depths:2)
  3 wind drakes (Lair:5)
  3 trolls
  3 wolf spider simulacra (Spider:4)
  13 tarantellas
  8 tyrant leeches
  A moth of wrath zombie (Crypt:1)
  11 nameless horrors
  7 hornets
  A snapping turtle (shapeshifter) (Vaults:5)
  A stone giant simulacrum (Coc:2)
  An iron dragon simulacrum (Depths:2)
  4 blink frogs (Lair:4)
  A harpy skeleton (Tomb:3)
  33 jumping spiders
  A snapping turtle (Lair:5)
  3 air elementals
  9 culicivoras
  3 ushabtiu
  2 wraiths
  2 dire elephant simulacra
  3 ynoxinuls (Pan)
  12 yaks
  4 water elementals
  5 wyverns
  A naga simulacrum (Coc:7)
  A sea snake simulacrum (Hell)
  2 steam dragons
  A basilisk (Lair:2)
  5 starcursed masses (Abyss:3)
  6 wargs
  2 vampire mosquitoes (D:13)
  3 chaos spawn (Pan)
  5 neqoxecs
  39 redbacks
  6 harpy simulacra
  13 swamp worms
  3 hydra simulacra
  10 water moccasins
  A sky beast (D:7)
  A naga skeleton (Hell)
  An ettin simulacrum (Coc:2)
  31 orc warriors
  10 laughing skulls
  12 ogres
  2 swamp drakes (Swamp:4)
  4 black bears (D:11)
  A black mamba simulacrum (Hell)
  6 wolves (Lair:2)
  A kobold brigand (D:8)
  13 bullfrogs
  A small abomination (Abyss:4)
  4 scorpions
  3 killer bees (D:9)
  2 hounds
  8 orc priests
  3 jellies
  An iguana (D:3)
  16 orc wizards
  A mummy (Tomb:1)
  A gnoll (D:5)
  A ribbon worm (Lair:2)
  28 orcs
  4 ball pythons
  2 endoplasms
  5 giant cockroaches
  A goblin (D:3)
  A hobgoblin (D:2)
  A quokka (D:2)
  A frilled lizard (D:1)
  3 kobolds
  A rat (D:1)
  A creeping inferno (Geh:2)
  7 fire vortices
  A starspawn tentacle (Abyss:5)
1642 creatures vanquished.

Vanquished Creatures (collateral kills)
  Antaeus (Coc:7)
  Ereshkigal (Tar:7)
  the Serpent of Hell (Geh:7)
  7 dread liches
  Dispater (Dis:7)
  Khufu (Tomb:3)
  4 ancient liches
  An orb of fire (Zot:5)
  2 juggernauts (Dis:7)
  15 royal mummies
  8 shard shrikes
  3 Killer Klowns
  6 caustic shrikes
  A profane servitor (Tar:7)
  3 doom hounds
  2 Tzitzimimeh (Tar:7)
  5 bone dragons
  A spectral shard shrike (Tar:5)
  An electric golem (Zot:1)
  6 Brimstone Fiends
  7 Ice Fiends (Coc:7)
  9 Hell Sentinels
  4 liches
  11 hellephants
  3 iron giants
  4 tainted leviathans
  8 tentacled monstrosities
  19 Orb Guardians (Zot:5)
  4 quicksilver dragons
  Grunn (Crypt:1)
  10 searing wretches
  8 titans
  A deep elf master archer (Elf:3)
  5 sphinxes (Tomb:1)
  10 ancient champions
  5 death cobs
  5 storm dragons
  4 shadow dragons
  2 protean progenitors (Zot:2)
  2 revenants (Tomb:3)
  3 draconian knights
  13 narguns
  2 draconian monks
  2 vault wardens
  3 deep elf sorcerers (Elf:3)
  9 quicksilver elementals
  A ghost moth (Zot:4)
  16 fire giants
  7 frost giants
  6 iron dragons (Dis:7)
  16 balrugs
  A spectral juggernaut (Tar:5)
  2 ghouls (Crypt:1)
  8 shard shrike simulacra
  A cacodemon (Depths:1)
  An orc warlord (Vaults:2)
  2 ironbound preservers (Vaults:3)
  4 reapers
  A draconian annihilator (Zot:1)
  2 stone giants (Zot:2)
  A deep elf demonologist (Elf:3)
  5 vampire knights
  An eleionoma (Swamp:3)
  4 green draconians
  An ironbound thunderhulk (Vaults:3)
  15 elemental wellsprings
  4 putrid mouths
  A lorocyproca (Depths:2)
  3 bennus (Tomb:1)
  4 black draconians
  2 deep elf annihilators (Elf:3)
  2 yellow draconians
  A white draconian (Zot:5)
  4 purple draconians
  10 wendigos
  10 war gargoyles
  A spectral titan (Tar:5)
  2 red draconians
  3 blizzard demons (Hell)
  A jiangshi (Crypt:1)
  9 iron golems
  15 mummy priests
  A fire dragon (Depths:4)
  3 ettins (Zot:2)
  An entropy weaver (Spider:4)
  A deep elf high priest (Elf:3)
  A yaktaur captain (Vaults:3)
  A vault guard (Vaults:5)
  8 ice dragons
  3 spriggan zombies
  12 salamander tyrants
  8 caustic shrike simulacra
  A rakshasa (Pan)
  3 juggernaut simulacra
  An alligator (Swamp:3)
  4 hydras
  An ironbound frostheart (Vaults:2)
  A spriggan skeleton (Hell)
  A two-headed ogre (Zot:2)
  A spectral stone giant (Tar:7)
  A satyr (Zot:4)
  4 stokers
  30 death scarabs
  A dancing weapon (Elf:3)
  A fenstrider witch skeleton (Tomb:2)
  A jorogumo (Spider:3)
  28 hell hogs
  A deep troll shaman (Depths:4)
  A spectral naga (Tar:5)
  A spriggan berserker (Depths:4)
  A sun demon (Hell)
  An emperor scorpion zombie (Crypt:3)
  2 soul eaters (Hell)
  16 hell knights
  A deep elf knight (Elf:1)
  10 skeletal warriors
  7 iron trolls
  10 shadow wraiths
  7 crystal echidnas
  A glowing orange brain (Vaults:2)
  2 orb spiders (Spider:3)
  A spectral anaconda (Tar:5)
  3 arcanists (Vaults:3)
  17 deep trolls
  A quicksilver dragon simulacrum (Coc:2)
  2 spriggan simulacra
  2 phantasmal warriors
  A kraken simulacrum (Hell)
  An anaconda skeleton (Hell)
  A lindwurm (Vaults:2)
  A nameless horror (Hell)
  2 ironbound convokers (Vaults:3)
  2 iron dragon zombies (Crypt:3)
  An alligator zombie (Hell)
  A wolf spider (Spider:3)
  6 ugly things
  5 orc knights
  4 necromancers
  4 salamanders (Zot:2)
  A deep elf pyromancer (Elf:1)
  22 moths of wrath
  3 rust devils (Hell)
  A stone giant skeleton (Crypt:1)
  12 molten gargoyles
  A centaur zombie (Hell)
  2 naga zombies
  An ice statue (Hell)
  A dire elephant zombie (Crypt:3)
  2 titan simulacra
  An alligator snapping turtle zombie (Crypt:1)
  4 vault sentinels
  3 smoke demons (Hell)
  A centaur skeleton (Tomb:3)
  A storm dragon simulacrum (Coc:1)
  A dire elephant skeleton (Tomb:2)
  A slime creature (Vaults:3)
  8 hellions
  6 tormentors
  A bunyip simulacrum (Coc:2)
  3 freezing wraiths
  An efreet (Zot:2)
  2 yaktaurs
  2 iron giant simulacra
  A golden dragon simulacrum (Coc:7)
  2 hydra zombies (Hell)
  2 spectral harpies (Tar:5)
  26 guardian mummies
  5 trolls (Zot:2)
  A harpy skeleton (Hell)
  A tyrant leech (Swamp:3)
  4 stone giant simulacra
  3 ettin zombies
  3 iron dragon simulacra
  3 jumping spiders
  7 dire elephant simulacra
  An ice dragon skeleton (Hell)
  2 water elementals (Hell)
  17 ushabtiu
  A fire elemental (Elf:3)
  An alligator snapping turtle simulacrum (Coc:3)
  2 redbacks
  8 harpy simulacra
  A naga skeleton (Hell)
  3 hydra simulacra
  An orc warrior (Orc:2)
  A laughing skull (Crypt:1)
  3 ettin simulacra
  3 ogres
  A scorpion (D:6)
  2 necrophages (Crypt:1)
  A gnoll sergeant (D:5)
  A naga simulacrum (Coc:7)
  A water moccasin skeleton (Crypt:1)
  3 wyvern skeletons
  2 swamp dragon simulacra (Coc:1)
  2 hounds
  A gnoll bouda (D:6)
  A jelly (Zot:4)
  2 orc wizards
  29 mummies
  5 gnolls
  2 adders (D:6)
  2 orcs
  2 creeping infernos
  4 fire vortices
869 creatures vanquished.

Vanquished Creatures (others)
  6 royal mummies
  A shard shrike (Coc:6)
  2 caustic shrikes
  A golden dragon (Zot:4)
  An Orb Guardian (Zot:5)
  A deep elf master archer (Elf:3)
  A quicksilver dragon (Zot:4)
  A sphinx (Tomb:1)
  A death cob (Zot:4)
  2 ancient champions
  An eldritch tentacle (Pan)
  A protean progenitor (Zot:1)
  A rockslime (Zig:10)
  A frost giant (Vaults:5)
  3 azure jellies
  3 fire giants
  A deep elf sorcerer (Elf:3)
  An iron dragon (Dis:7)
  A demonspawn warmonger (Pan)
  2 shard shrike simulacra (Coc:7)
  An orc warlord (Vaults:3)
  A draconian annihilator (Depths:4)
  3 formless jellyfish
  A ghoul (Crypt:1)
  2 stone giants
  3 ironbound preservers
  A black draconian (Zot:4)
  2 war gargoyles (Dis:7)
  A deep elf death mage (Elf:3)
  2 red draconians
  A yellow draconian (Depths:4)
  An ettin (Vaults:5)
  5 mummy priests
  6 great orbs of eyes
  2 yaktaur captains
  A deep elf high priest (Elf:3)
  2 vault guards (Vaults:5)
  A shambling mangrove (Swamp:4)
  A caustic shrike simulacrum (Coc:6)
  An ice dragon (Depths:4)
  An ironbound frostheart (Vaults:1)
  3 juggernaut simulacra
  A salamander tyrant (Geh:7)
  2 stokers (Geh:6)
  4 dancing weapons (Zig:10)
  4 death scarabs (Tomb:1)
  5 hell hogs
  An orc high priest (Orc:2)
  2 thrashing horrors (Abyss:5)
  A sun demon (Pan)
  A spriggan (Swamp:3)
  An iron troll (Hell)
  4 glowing orange brains
  A sixfirhy (Pan)
  A skeletal warrior (Tomb:3)
  2 shadow demons
  4 deep trolls
  A necromancer (Crypt:1)
  2 lindwurms (Vaults:2)
  2 ironbound convokers
  A shining eye (Zig:10)
  A worldbinder (Abyss:5)
  A shining eye (shapeshifter) (Vaults:5)
  6 eyes of devastation
  2 black mambas (Zig:12)
  A guardian serpent (Zig:12)
  7 vault sentinels
  A molten gargoyle (Geh:7)
  A black mamba (shapeshifter) (Elf:2)
  A smoke demon (Pan)
  A hellion (Geh:3)
  2 yaktaurs
  A titan simulacrum (Coc:6)
  5 guardian mummies
  A rime drake (Lair:5)
  2 anaconda simulacra
  An iron giant simulacrum (Coc:7)
  2 tormentors (Geh:6)
  8 glass eyes
  A hornet (Swamp:3)
  A glass eye (shapeshifter) (Vaults:5)
  A snapping turtle (shapeshifter) (Vaults:2)
  27 slime creatures
  A dire elephant simulacrum (Coc:6)
  A fire elemental (Elf:3)
  3 harpy simulacra
  A naga (Zig:12)
  2 hell hounds (Abyss:3)
  An ettin simulacrum (Coc:6)
  A centaur (Zig:7)
  176 jellies
  2 orc priests
  2 mummies (Tomb:1)
  A gnoll (D:6)
  A white imp (Abyss:3)
  A ribbon worm (shapeshifter) (Vaults:5)
  2 orcs (D:3)
  2 endoplasms
  An orc skeleton (Crypt:1)
  8 ball lightnings (Pan)
  2 creeping infernos
  7 fire vortices
  3 starspawn tentacles
  4 tentacles (Hell)
410 creatures vanquished.

Grand Total: 2921 creatures vanquished

Notes
Turn   | Place    | Note
-------+----------+-------------------------------------------
     0 | D:1      | Sapher the Spriggan Enchanter began the quest for the Orb.
     0 | D:1      | Reached XP level 1. HP: 9/9 MP: 5/5
   275 | D:2      | Reached skill level 5 in Stealth
   306 | D:2      | Reached XP level 2. HP: 13/13 MP: 6/6
   310 | D:2      | Learned a level 2 spell: Ensorcelled Hibernation
   325 | D:3      | Found a white marble altar of Elyvilon.
   473 | D:3      | Reached skill level 1 in Evocations
   473 | D:3      | Reached XP level 3. HP: 16/16 MP: 0/8
   477 | D:3      | Learned a level 3 spell: Confusing Touch
   486 | D:4      | Identified the +2 mace "Icvacue" {venom, rCorr}
   505 | D:5      | Entered Level 5 of the Dungeon
   578 | D:5      | Noticed a scorpion
   581 | D:5      | Reached XP level 4. HP: 21/21 MP: 9/9
   589 | D:5      | Killed a scorpion
   607 | D:5      | Found a sand-covered staircase.
   636 | D:5      | Noticed a gnoll sergeant
   643 | D:6      | Noticed a scorpion
   693 | D:7      | Reached XP level 5. HP: 24/24 MP: 3/10
   698 | D:7      | Found an ancient bone altar of Kikubaaqudgha.
   701 | D:7      | Noticed an ogre
   708 | D:7      | Killed an ogre
   738 | D:6      | Reached XP level 6. HP: 28/28 MP: 2/11
   773 | D:7      | Noticed a hornet
   776 | D:7      | Killed a hornet
   779 | D:7      | Noticed a sky beast
   786 | D:7      | Killed a sky beast
   787 | D:7      | Reached XP level 7. HP: 32/32 MP: 6/13
   816 | D:7      | Noticed Jeremiah
   855 | D:7      | Your ally Jeremiah died
   856 | D:7      | Reached skill level 5 in Hexes
   899 | D:7      | Reached skill level 10 in Stealth
   927 | D:8      | Noticed a two-headed ogre
   980 | D:8      | Reached XP level 8. HP: 24/36 MP: 4/16
   987 | D:8      | Killed a two-headed ogre
   988 | D:8      | Reached skill level 5 in Short Blades
   988 | D:8      | Reached skill level 4 in Dodging
   988 | D:8      | Reached skill level 5 in Spellcasting
   988 | D:8      | Reached skill level 5 in Evocations
  1052 | D:9      | Found Raptysu's General Store.
  1224 | D:9      | Reached XP level 9. HP: 39/39 MP: 13/18
  1243 | D:10     | Entered Level 10 of the Dungeon
  1262 | D:10     | Noticed a two-headed ogre
  1270 | D:10     | Killed a two-headed ogre
  1271 | D:10     | Reached skill level 5 in Dodging
  1292 | D:10     | Found a shimmering blue altar of Sif Muna.
  1298 | D:10     | Noticed a two-headed ogre
  1305 | D:10     | Killed a two-headed ogre
  1306 | D:10     | Reached skill level 6 in Dodging
  1328 | D:11     | Noticed a troll
  1329 | D:11     | Found Kownadoc's Magic Scroll Shop.
  1334 | D:11     | Killed a troll
  1339 | D:11     | Noticed a troll
  1351 | D:11     | Killed a troll
  1367 | D:11     | Bought a scroll of identify for 26 gold pieces
  1367 | D:11     | Bought a scroll of vulnerability for 52 gold pieces
  1367 | D:11     | Bought a scroll of immolation for 52 gold pieces
  1386 | D:11     | Found a staircase to the Lair.
  1399 | Lair:1   | Entered Level 1 of the Lair of Beasts
  1405 | Lair:1   | Reached XP level 10. HP: 36/44 MP: 5/20
  1494 | Lair:2   | Reached skill level 7 in Dodging
  1510 | Lair:2   | Noticed a cane toad
  1518 | Lair:2   | Killed a cane toad
  1519 | Lair:2   | Reached skill level 15 in Stealth
  1530 | Lair:2   | Noticed a skyshark
  1539 | Lair:2   | Noticed a cane toad
  1545 | Lair:2   | Killed a cane toad
  1576 | Lair:2   | You are sucked into a shaft and drop 1 floor!
  1607 | Lair:5   | Entered Level 5 of the Lair of Beasts
  1611 | Lair:5   | Noticed a cane toad
  1618 | Lair:5   | Noticed a catoblepas
  1701 | Lair:5   | Noticed a torpor snail
  1709 | Lair:5   | Found a staircase to the Slime Pits.
  1710 | Lair:5   | Found a viscous altar of Jiyva.
  1719 | Lair:5   | Became a worshipper of Jiyva Jaun the Shapeless
  1746 | Lair:5   | Noticed an elephant
  1748 | Lair:5   | Noticed a death yak
  1754 | Lair:5   | Found a hide-covered altar of Uskayaw.
  1761 | Lair:5   | Noticed an elephant
  1767 | Lair:5   | Noticed an elephant
  1772 | Lair:5   | Noticed a merfolk avatar
  1775 | Lair:5   | Noticed a five-headed hydra
  1778 | Lair:5   | Noticed a black mamba
  1780 | Lair:5   | Noticed a black mamba
  1804 | Lair:5   | Killed a black mamba
  1805 | Lair:5   | Reached skill level 8 in Dodging
  1863 | Lair:5   | Noticed an elephant
  1877 | Lair:5   | Killed an elephant
  1898 | Lair:5   | Noticed a skyshark
  1905 | Lair:5   | Noticed an elephant
  1906 | Lair:5   | Noticed a cane toad
  1908 | Lair:5   | Reached * piety under Jiyva
  1927 | Lair:5   | Noticed an elephant
  1945 | Lair:5   | Killed a cane toad
  1952 | Lair:5   | Killed a black mamba
  1959 | Lair:5   | Killed an elephant
  1964 | Lair:5   | Killed a five-headed hydra
  1965 | Lair:5   | Reached XP level 11. HP: 47/47 MP: 9/24
  1996 | Lair:5   | Noticed a sea snake
  2029 | Lair:5   | Reached skill level 10 in Spellcasting
  2029 | Lair:5   | Reached skill level 1 in Fighting
  2068 | Lair:5   | Got an earthy gem with 3294 turns to spare
  2188 | Lair:4   | Reached ** piety under Jiyva
  2258 | Lair:4   | Reached skill level 9 in Dodging
  2261 | Lair:3   | Noticed Sonja
  2295 | Lair:3   | Killed Sonja
  2296 | Lair:3   | Reached skill level 10 in Dodging
  2296 | Lair:3   | Reached skill level 1 in Shapeshifting
  2321 | Lair:3   | Noticed Kirke
  2351 | Lair:2   | Noticed an oklob plant
  2363 | Lair:2   | Killed an oklob plant
  2379 | Lair:2   | Noticed an oklob plant
  2382 | Lair:2   | Noticed an oklob plant
  2399 | Lair:2   | Reached skill level 5 in Shapeshifting
  2498 | Lair:2   | Noticed an oklob plant
  2512 | Lair:2   | Killed an oklob plant
  2521 | Lair:2   | Killed an oklob plant
  2533 | Lair:2   | Killed an oklob plant
  2534 | Lair:2   | Reached skill level 5 in Fighting
  2602 | Lair:2   | Noticed a seven-headed hydra
  2610 | Lair:2   | Killed a seven-headed hydra
  2611 | Lair:2   | Reached XP level 12. HP: 60/60 MP: 25/27
  2630 | Lair:2   | Learned a level 3 spell: Dazzling Flash
  2641 | Lair:2   | Reached skill level 1 in Conjurations
  2661 | Lair:2   | Noticed a catoblepas
  2684 | Lair:2   | Killed a catoblepas
  2685 | Lair:2   | Reached skill level 5 in Conjurations
  2689 | Lair:2   | Found a hole to the Spider Nest.
  2734 | Spider:1 | Entered Level 1 of the Spider Nest
  2761 | Spider:1 | Noticed a demonic crawler
  2777 | Spider:1 | Killed a demonic crawler
  2781 | Spider:1 | Reached skill level 11 in Dodging
  2857 | Spider:2 | Noticed a spark wasp
  2858 | Spider:2 | Reached *** piety under Jiyva
  2860 | Spider:2 | Killed a spark wasp
  2861 | Spider:2 | Reached skill level 12 in Dodging
  2863 | Spider:2 | Gained mutation: Your flesh is heat resistant. (rF+)
                  | [Jiyva's grace]
  2863 | Spider:2 | Gained mutation: Your flesh is very heat resistant. (rF++)
                  | [Jiyva's grace]
  2863 | Spider:2 | Gained mutation: Your flesh is almost immune to the effects
                  | of heat. (rF+++) [Jiyva's grace]
  2863 | Spider:2 | Gained mutation: You are strong-willed. (Will+) [Jiyva's
                  | grace]
  2871 | Spider:2 | Noticed a demonic crawler
  2877 | Spider:2 | Killed a demonic crawler
  2878 | Spider:2 | Reached skill level 13 in Dodging
  2880 | Spider:2 | Killed an azure jelly
  2885 | Spider:2 | Noticed a broodmother
  2959 | Spider:1 | Noticed an entropy weaver
  3013 | Spider:1 | Killed an entropy weaver
  3014 | Spider:1 | Reached XP level 13. HP: 56/63 MP: 22/28
  3234 | Spider:1 | Reached skill level 14 in Dodging
  3246 | Spider:2 | Noticed an emperor scorpion
  3332 | Spider:2 | Reached skill level 15 in Dodging
  3347 | Spider:2 | Killed an emperor scorpion
  3351 | Spider:2 | Reached **** piety under Jiyva
  3563 | Spider:2 | Found a glacial archway.
  3739 | Spider:3 | Reached XP level 14. HP: 70/70 MP: 31/31
  3752 | Spider:3 | Reached ***** piety under Jiyva
  3850 | Spider:3 | Learned a level 4 spell: Passage of Golubria
  4074 | Spider:3 | Lost mutation: Your flesh is almost immune to the effects
                  | of heat. (rF+++) [Jiyva's grace]
  4074 | Spider:3 | Gained mutation: You have acidic saliva. [Jiyva's grace]
  4074 | Spider:3 | Gained mutation: Your body has grown eyes which may confuse
                  | attackers. (Acc +3) [Jiyva's grace]
  4074 | Spider:3 | Gained mutation: Your body has grown many eyes which may
                  | confuse attackers. (Acc +5) [Jiyva's grace]
  4074 | Spider:3 | Gained mutation: Your body is covered in eyes which may
                  | confuse attackers. (Acc +7, SInv) [Jiyva's grace]
  4081 | Spider:3 | Learned a level 5 spell: Silence
  4111 | Spider:3 | Reached skill level 1 in Air Magic
  4117 | Spider:4 | Entered Level 4 of the Spider Nest
  4141 | Spider:4 | Reached skill level 1 in Translocations
  4180 | Spider:4 | Reached skill level 5 in Air Magic
  4210 | Spider:4 | Reached skill level 5 in Translocations
  4241 | Spider:4 | Noticed an emperor scorpion
  4246 | Spider:4 | Killed an emperor scorpion
  4259 | Spider:4 | Noticed an emperor scorpion
  4275 | Spider:4 | Killed an emperor scorpion
  4341 | Spider:4 | Noticed a ghost moth
  4352 | Spider:4 | Killed a ghost moth
  4374 | Spider:4 | Noticed an emperor scorpion
  4381 | Spider:4 | Killed an emperor scorpion
  4392 | Spider:4 | Reached XP level 15. HP: 62/73 MP: 32/34
  4394 | Spider:4 | Identified the +2 hat of Noughts and Crosses {rPois rF-
                  | Will+++ MP-9}
  4413 | Spider:4 | Noticed an emperor scorpion
  4418 | Spider:4 | Noticed an emperor scorpion
  4419 | Spider:4 | Killed an emperor scorpion
  4426 | Spider:4 | Killed an emperor scorpion
  4529 | Spider:4 | Got a gossamer rune of Zot
  4533 | Spider:4 | Got a milky-white gem with 1178 turns to spare
  4568 | Spider:4 | Identified the +1 hat "Goqeafuw" {Rampage Stlth+}
  4766 | Lair:2   | Reached skill level 10 in Shapeshifting
  4816 | Lair:3   | Found a staircase to the Swamp.
  4826 | Swamp:1  | Entered Level 1 of the Swamp
  4904 | Swamp:2  | Noticed Louise
  4913 | Swamp:2  | Killed Louise
  5014 | Swamp:3  | Noticed a tentacled monstrosity
  5055 | Swamp:3  | Killed a tentacled monstrosity
  5105 | Swamp:3  | Noticed Donald
  5110 | Swamp:3  | Killed Donald
  5126 | Swamp:4  | Entered Level 4 of the Swamp
  5136 | Swamp:4  | Reached ****** piety under Jiyva
  5137 | Swamp:4  | Lost mutation: Your body is covered in eyes which may
                  | confuse attackers. (Acc +7, SInv) [Jiyva's grace]
  5137 | Swamp:4  | Gained mutation: You passively dampen the noise of your
                  | surroundings. [Jiyva's grace]
  5137 | Swamp:4  | Gained mutation: You have large cloven feet. [Jiyva's
                  | grace]
  5137 | Swamp:4  | Gained mutation: You have hoof-like feet. [Jiyva's grace]
  5137 | Swamp:4  | Gained mutation: You have hooves in place of feet. [Jiyva's
                  | grace]
  5149 | Swamp:4  | Noticed Mara
  5204 | Swamp:4  | Noticed a thorn hunter
  5262 | Swamp:4  | Reached skill level 15 in Shapeshifting
  5282 | Swamp:4  | Reached skill level 15 in Spellcasting
  5311 | Swamp:4  | Got a decaying rune of Zot
  5313 | Swamp:4  | Got a mossy gem with 1467 turns to spare
  5319 | Swamp:4  | Reached XP level 16. HP: 77/77 MP: 34/36
  5462 | Lair:5   | Reached skill level 10 in Hexes
  5539 | Slime:1  | Entered Level 1 of the Pits of Slime
  5544 | Slime:2  | Noticed an acid blob
  5546 | Slime:2  | Noticed an acid blob
  5571 | Slime:5  | Entered Level 5 of the Pits of Slime
  5578 | Slime:5  | Found the +9 scales of the Dragon King {rPois rF+ rC+
                  | Will+}
  5587 | Slime:5  | Got a starry gem with 565 turns to spare
  5589 | Slime:5  | Got a slimy rune of Zot
  5607 | Slime:5  | Noticed an acid blob
  5608 | Slime:5  | Noticed an acid blob
  5610 | Slime:5  | Noticed an acid blob
  5611 | Slime:5  | Noticed an acid blob
  5620 | Slime:5  | Identified the +1 sling of Nolo Contendere {drain, Dex+4}
  5621 | Slime:5  | Identified the ring "Xiynegh" {+Blink rF++ rCorr Stlth+}
  5626 | Slime:5  | Identified the +3 arbalest of Ykukil {flame, rF+}
  5667 | Slime:5  | Identified the +3 flail "Eceozosm" {protect, rPois Will-
                  | Int+2}
  5668 | Slime:5  | Identified the amulet "Vamex" {Acrobat Will+}
  5673 | Slime:5  | Noticed an acid blob
  5699 | Slime:5  | Identified the +4 scimitar "Hyhez" {flame, rC+ Will+ Dex+3}
  5701 | Slime:5  | Identified the +7 spear "Kyoqoth" {spect, Dex+3}
  6052 | D:10     | Found a staircase to the Orcish Mines.
  6092 | Orc:1    | Entered Level 1 of the Orcish Mines
  6119 | Orc:1    | You are sucked into a shaft and drop 1 floor!
  6119 | Orc:2    | Entered Level 2 of the Orcish Mines
  6259 | Orc:2    | Found Colyme's Book Shoppe.
  6273 | Orc:2    | Found Piapp's Antique Armour Shoppe.
  6293 | Orc:2    | Found Iniex's General Store.
  6309 | Orc:2    | Found Keavec's Antique Weapon Shoppe.
  6406 | Orc:2    | Found Palisti's Overcharged Wands.
  6507 | Orc:2    | Found Tad Agu's Distillery.
  6510 | Orc:2    | Found a staircase to the Elven Halls.
  6514 | Orc:2    | Bought a potion of lignification for 48 gold pieces
  6514 | Orc:2    | Bought a potion of attraction for 48 gold pieces
  6518 | Elf:1    | Entered Level 1 of the Elven Halls
  6518 | Elf:1    | Found a runed translucent gate.
  6518 | Elf:1    | Found a runed translucent gate.
  6518 | Elf:1    | Found a runed translucent gate.
  6518 | Elf:1    | Found a runed translucent gate.
  6518 | Elf:1    | Found a runed translucent gate.
  6518 | Elf:1    | Found a runed translucent gate.
  6519 | Elf:1    | Found a runed translucent door.
  6608 | Elf:1    | Learned a level 4 spell: Iskenderun's Mystic Blast
  6613 | Elf:2    | Found Juirris's Jewellery Emporium.
  6633 | Elf:2    | Found a runed translucent gate.
  6635 | Elf:1    | Lost mutation: You have hooves in place of feet. [Jiyva's
                  | grace]
  6635 | Elf:1    | Lost mutation: You have hoof-like feet. [Jiyva's grace]
  6635 | Elf:1    | Lost mutation: Your body has grown many eyes which may
                  | confuse attackers. (Acc +5) [Jiyva's grace]
  6635 | Elf:1    | Gained mutation: You are covered in slimy tendrils that may
                  | disarm your opponents. [Jiyva's grace]
  6635 | Elf:1    | Gained mutation: You are agile. (Dex +4, Str/Int -1)
                  | [Jiyva's grace]
  6635 | Elf:1    | Gained mutation: You are very agile. (Dex +8, Str/Int -2)
                  | [Jiyva's grace]
  6635 | Elf:1    | Gained mutation: You are highly strong-willed. (Will++)
                  | [Jiyva's grace]
  6815 | Elf:2    | Found a runed translucent gate.
  6815 | Elf:2    | Noticed Qyvoanyo's ghost (adept DEFE)
  6821 | Elf:2    | Bought a granite talisman for 840 gold pieces
  6848 | Elf:3    | Entered Level 3 of the Elven Halls
  6939 | Elf:3    | Found the +7 Spriggan's Knife {stab, EV+4 Stlth+}
  7018 | Elf:3    | Reached XP level 17. HP: 81/81 MP: 40/40
  7033 | Elf:2    | Identified the +9 long sword of Fexupatz {heavy, Int+9
                  | SInv}
  7051 | Elf:3    | Reached skill level 10 in Conjurations
  7147 | Elf:3    | Noticed a deep elf blademaster
  7156 | Elf:3    | Killed a deep elf blademaster
  7163 | Elf:3    | Identified the scarf "Ceurphi Heko" {+Inv, rCorr Str-3
                  | Dex+7 Stlth+}
  7279 | Elf:3    | Noticed a deep elf master archer
  7286 | Elf:3    | Killed a deep elf master archer
  7401 | Elf:3    | Noticed a deep elf master archer
  7405 | Elf:3    | Noticed a deep elf blademaster
  7413 | Elf:3    | Reached skill level 10 in Short Blades
  7417 | Elf:3    | Killed a deep elf blademaster
  7437 | Elf:2    | Found a runed translucent gate.
  7526 | Elf:3    | Noticed a deep elf blademaster
  7536 | Elf:3    | Killed a deep elf blademaster
  7544 | Elf:3    | Reached skill level 16 in Dodging
  7568 | Elf:3    | Was placed under penance by Jiyva
  7590 | Elf:3    | Identified the +1 short sword of Dullness {freeze, rF+
                  | Str+3 Dex-3 Stlth+}
  7654 | Elf:3    | Got a shimmering gem with 410 turns to spare
  7656 | Elf:3    | Identified the +9 scimitar of the Glowing Stoat {freeze,
                  | rElec Str+3 SInv}
  7664 | Elf:3    | Got the Volume of Detritus and Inhalation
  7668 | Elf:3    | Identified the +1 short sword of Chagrin {flame, ^Fragile
                  | rN+++ Dex+6}
  7670 | Elf:3    | Identified the staff of Lykluybu {rF+ rC+ rN++ Will- Stlth+
                  | Tloc Ice}
  7673 | Elf:3    | Identified the staff of Qeklului {rCorr Str+5 Conj}
  7726 | Elf:3    | Was forgiven by Jiyva
  7988 | D:13     | Reached skill level 17 in Dodging
  8019 | D:12     | Noticed Frances
  8019 | D:12     | Lost mutation: You have large cloven feet. [Jiyva's grace]
  8019 | D:12     | Lost mutation: Your flesh is very heat resistant. (rF++)
                  | [Jiyva's grace]
  8019 | D:12     | Lost mutation: You have acidic saliva. [Jiyva's grace]
  8019 | D:12     | Lost mutation: You are covered in slimy tendrils that may
                  | disarm your opponents. [Jiyva's grace]
  8019 | D:12     | Gained mutation: You have a somewhat thin skeletal
                  | structure. (Dex +2, Stealth+) [Jiyva's grace]
  8019 | D:12     | Gained mutation: You have a moderately thin skeletal
                  | structure. (Dex +4, Stealth++) [Jiyva's grace]
  8019 | D:12     | Gained mutation: You have an unnaturally thin skeletal
                  | structure. (Dex +6, Stealth+++) [Jiyva's grace]
  8019 | D:12     | Gained mutation: You have acidic saliva. [Jiyva's grace]
  8021 | D:12     | Killed Frances
  8051 | D:15     | Entered Level 15 of the Dungeon
  8060 | D:15     | Found an ancient bone altar of Kikubaaqudgha.
  8126 | D:14     | You fall into a shaft and drop 1 floor!
  8164 | D:14     | Reached XP level 18. HP: 86/86 MP: 41/41
  8202 | D:13     | Found Mairofe's Distillery.
  8211 | D:13     | Bought a potion of haste for 150 gold pieces
  8211 | D:13     | Bought a potion of heal wounds for 75 gold pieces
  8211 | D:13     | Bought a potion of cancellation for 120 gold pieces
  8211 | D:13     | Bought a potion of magic for 120 gold pieces
  8285 | D:14     | Noticed Nessos
  8288 | D:14     | Killed Nessos
  8331 | D:14     | Learned a level 3 spell: Passwall
  8338 | D:14     | Noticed Jorgrun
  8347 | D:14     | Killed Jorgrun
  8378 | D:14     | Found a gate to the Vaults.
  8384 | D:14     | Reached skill level 1 in Earth Magic
  8395 | D:14     | Reached skill level 18 in Dodging
  8400 | Vaults:1 | Entered Level 1 of the Vaults
  8606 | Vaults:2 | Reached skill level 10 in Translocations
  8638 | Vaults:2 | Reached skill level 19 in Dodging
  8754 | Vaults:5 | Entered Level 5 of the Vaults
  8762 | Vaults:5 | Noticed Xtahua
  8778 | Vaults:5 | Lost mutation: Your flesh is heat resistant. (rF+) [Jiyva's
                  | grace]
  8778 | Vaults:5 | Gained mutation: You are covered in slimy tendrils that may
                  | disarm your opponents. [Jiyva's grace]
  8778 | Vaults:5 | Gained mutation: You are partially covered in iridescent
                  | scales. (AC +2) [Jiyva's grace]
  8778 | Vaults:5 | Gained mutation: You are mostly covered in iridescent
                  | scales. (AC +4) [Jiyva's grace]
  8778 | Vaults:5 | Gained mutation: You are completely covered in iridescent
                  | scales. (AC +6) [Jiyva's grace]
  8807 | Vaults:5 | Reached skill level 20 in Dodging
  8847 | Vaults:5 | Noticed a tentacled monstrosity
  8856 | Vaults:5 | Killed a tentacled monstrosity
  8923 | Vaults:5 | Noticed a tentacled monstrosity
  8929 | Vaults:5 | Killed a tentacled monstrosity
  8931 | Vaults:5 | Noticed a dread lich
  8937 | Vaults:5 | Noticed a dread lich
  8938 | Vaults:5 | Killed a dread lich
  8941 | Vaults:5 | Noticed a tentacled monstrosity
  8953 | Vaults:5 | Killed a dread lich
  8963 | Vaults:5 | Reached skill level 1 in Long Blades
  8974 | Vaults:5 | Reached XP level 19. HP: 93/93 MP: 42/42
  9005 | Vaults:5 | Noticed a dread lich
  9029 | Vaults:5 | Killed a dread lich
  9088 | Vaults:5 | Reached skill level 5 in Long Blades
  9136 | Vaults:5 | Killed Xtahua
  9230 | Vaults:5 | Identified the staff "Trog's Vengeance" {rF+ rC+ Str-3 Summ
                  | Ice}
  9236 | Vaults:5 | Got a silver rune of Zot
  9239 | Vaults:5 | Got a shining gem with 2596 turns to spare
  9241 | Vaults:5 | Got the Dissertation on the Fjord
  9248 | Vaults:5 | Learned a level 5 spell: Borgnjor's Vile Clutch
  9279 | Vaults:5 | Reached skill level 1 in Necromancy
  9429 | Vaults:5 | Identified the ring of Awaodiwk {rC- Str+7 Int+2 SInv}
  9493 | Vaults:1 | Found the +5 moon troll leather armour {Spirit, Regen++
                  | MP+5}
  9537 | D:15     | Found a staircase to the Depths.
  9541 | D:15     | Got a smoky gem with 7125 turns to spare
  9546 | Depths:1 | Entered Level 1 of the Depths
  9648 | Depths:1 | Lost strength.
  9658 | Depths:1 | Noticed Norris
  9729 | Depths:1 | Reached XP level 20. HP: 98/98 MP: 41/43
  9886 | Depths:1 | Reached skill level 5 in Earth Magic
  9950 | Depths:2 | Reached skill level 5 in Necromancy
  9952 | Depths:2 | Noticed a juggernaut
  9953 | Depths:2 | Noticed Kaejerax's ghost (adept MiFi)
  9959 | Depths:2 | Found a transporter.
  9978 | Depths:2 | Found a transporter.
  9993 | Depths:2 | Identified the ring "Ocyblisuj" {Ice Slay+2 SInv}
  9993 | Depths:2 | Noticed Josephina
 10036 | Depths:2 | Killed a juggernaut
 10087 | Depths:2 | Killed Kaejerax's ghost
 10088 | Depths:2 | Reached skill level 10 in Long Blades
 10092 | Depths:2 | Identified the +9 dagger "Hydrabane" {heavy, rF+ rN+ rCorr
                  | Dex-2}
 10096 | Depths:2 | Identified the ring of the Oligarchy {rC+ rN+ Will+ Dex+6}
 10146 | Depths:3 | Reached skill level 1 in Summonings
 10215 | Depths:3 | Noticed a caustic shrike
 10320 | Depths:4 | Entered Level 4 of the Depths
 10320 | Depths:4 | Identified the orb "Utzerph" {light, Harm *Corrode rC+}
 10320 | Depths:4 | Noticed Frederick
 10322 | Depths:4 | Killed Frederick
 10331 | Depths:3 | Lost mutation: You are completely covered in iridescent
                  | scales. (AC +6) [Jiyva's grace]
 10331 | Depths:3 | Lost mutation: You have an unnaturally thin skeletal
                  | structure. (Dex +6, Stealth+++) [Jiyva's grace]
 10331 | Depths:3 | Lost mutation: You have acidic saliva. [Jiyva's grace]
 10331 | Depths:3 | Lost mutation: Your body has grown eyes which may confuse
                  | attackers. (Acc +3) [Jiyva's grace]
 10331 | Depths:3 | Gained mutation: Your rubbery body absorbs attacks. (AC +1,
                  | EV +1) [Jiyva's grace]
 10331 | Depths:3 | Gained mutation: Your pliable body absorbs attacks. (AC +2,
                  | EV +2) [Jiyva's grace]
 10331 | Depths:3 | Gained mutation: Your gelatinous body deflects attacks. (AC
                  | +3, EV +3) [Jiyva's grace]
 10331 | Depths:3 | Gained mutation: You have large cloven feet. [Jiyva's
                  | grace]
 10349 | Depths:4 | Reached skill level 5 in Summonings
 10398 | Depths:4 | Found a blossoming altar of Fedhas.
 10447 | Depths:4 | Found an ornate altar of the Wu Jian Council.
 10454 | Depths:4 | Noticed a bone dragon
 10503 | Depths:4 | Noticed a golden dragon
 10509 | Depths:4 | Killed a golden dragon
 10512 | Depths:4 | Found a flickering gateway to a bazaar.
 10528 | Bazaar   | Entered a bazaar
 10537 | Bazaar   | Found Mecheiwn's Magic Scroll Shop.
 10537 | Bazaar   | Found Oleman's Jewellery Boutique.
 10555 | Bazaar   | Found Qotweid's Assorted Antiques.
 10564 | Bazaar   | Found Duchac's Weapon Boutique.
 10569 | Bazaar   | Bought 2 atropa-tipped darts for 16 gold pieces
 10601 | Depths:3 | Identified the ring "Ranirph" {Wiz rPois rF++}
 10605 | Depths:3 | Got the Catalogue of the Maze
 10606 | Depths:3 | Found a gateway to Hell.
 10606 | Depths:3 | Identified the ring "Cumeocux" {rC+ Str+6}
 10610 | Depths:3 | Identified the +2 trident of the Xenophobes {drain, rN+
                  | Str+2}
 10623 | Depths:3 | Killed a caustic shrike
 10624 | Depths:3 | Reached skill level 1 in Throwing
 10758 | Depths:2 | Reached XP level 21. HP: 102/102 MP: 44/44
 10806 | Depths:2 | Found the +3 hat of Pondering {ponderous, Will+ MP+10
                  | Int+5}
 10824 | Depths:2 | Identified the +0 scimitar of a treasure trove {heavy,
                  | +Blink rElec Int+4}
 10844 | Depths:2 | Learned a level 4 spell: Manifold Assault
 10855 | Depths:2 | Found a one-way gate to the infinite horrors of the Abyss.
 10855 | Depths:2 | Found a one-way gateway to a ziggurat.
 10880 | Zig:1    | Entered Level 1 of a ziggurat
 10890 | Zig:2    | Entered Level 2 of a ziggurat
 10900 | Zig:3    | Entered Level 3 of a ziggurat
 10900 | Zig:3    | Noticed a golden dragon
 10936 | Zig:3    | Killed a golden dragon
 10943 | Zig:4    | Entered Level 4 of a ziggurat
 10943 | Zig:4    | Noticed an ancient lich
 10957 | Zig:4    | Killed an ancient lich
 10961 | Zig:4    | Identified the +1 spear of Koydico {flame, *Rage rPois
                  | Int+2}
 10967 | Zig:5    | Entered Level 5 of a ziggurat
 10970 | Zig:5    | Noticed a shard shrike
 10970 | Zig:5    | Noticed a shard shrike
 10981 | Zig:5    | Killed a shard shrike
 10987 | Zig:5    | Killed a shard shrike
 10989 | Zig:5    | Reached XP level 22. HP: 107/107 MP: 45/45
 10990 | Zig:5    | Identified the amulet of Finality {Spirit rC++ Str+3}
 11013 | Zig:6    | Entered Level 6 of a ziggurat
 11018 | Zig:6    | Identified the ring of Circularity {rF+++ rCorr Dex+4}
 11024 | Zig:6    | Got the Omnibus of the Fault and the Traveller
 11026 | Zig:7    | Entered Level 7 of a ziggurat
 11057 | Zig:8    | Entered Level 8 of a ziggurat
 11060 | Zig:8    | Found the amulet of the Air {Inacc Air Fly rElec RMsl}
 11069 | Zig:8    | Identified the +8 spear "Uvvovu" {vamp, rPois rN+ Int-2}
 11099 | Zig:9    | Entered Level 9 of a ziggurat
 11104 | Zig:9    | Noticed an ancient lich
 11122 | Zig:9    | Noticed an ancient lich
 11131 | Zig:9    | Killed an ancient lich
 11141 | Zig:9    | Reached skill level 10 in Evocations
 11167 | Zig:9    | Identified the +1 scimitar of the Rattlesnake {holy, Str+4}
 11170 | Zig:9    | Identified the staff of Indignation {Str+4 Int-4 Dex+3
                  | Earth}
 11172 | Zig:9    | Reached XP level 23. HP: 99/99 MP: 39/46
 11180 | Zig:9    | Identified the +7 scimitar "Newtbane" {flame, rN+ MP+9
                  | Int+3}
 11182 | Zig:10   | Entered Level 10 of a ziggurat
 11195 | Zig:10   | Found the +5 demon whip "Spellbinder" {antimagic, disrupt,
                  | Will+}
 11203 | Zig:11   | Entered Level 11 of a ziggurat
 11254 | Zig:11   | Identified the +2 robe of the Original Sin {rC+}
 11257 | Zig:11   | Identified the staff "Wevvuy" {rF+ Str+3 Fire}
 11264 | Zig:11   | Identified the staff of Blood-Lust {rF+ rC+ Str+2 Ice}
 11267 | Zig:11   | Identified the staff of Past Mistakes {rPois Dex+2 Alchemy}
 11270 | Zig:12   | Entered Level 12 of a ziggurat
 11318 | Zig:12   | Identified the +10 broad axe of the Hills {speed, *Rage
                  | rN+++ Will- SInv}
 11320 | Zig:12   | Identified the +1 morningstar of Jyviss {venom, rC+}
 11322 | Zig:12   | Got the Catalogue of the Storm
 11326 | Zig:13   | Entered Level 13 of a ziggurat
 11334 | Zig:13   | Noticed Charly's ghost (legendary VSBr)
 11334 | Zig:13   | Noticed Xtruder99's ghost (legendary GnFi)
 11392 | Depths:2 | Found a one-way gate leading to the halls of Pandemonium.
 11404 | Pan      | Entered Pandemonium
 11472 | Pan      | Identified the +0 buckler "Vymi" {Stlth+}
 11507 | Pan      | Found a glowing golden altar of the Shining One.
 11507 | Pan      | Noticed a seraph
 11560 | Pan      | Lost mutation: You are mostly covered in iridescent scales.
                  | (AC +4) [Jiyva's grace]
 11560 | Pan      | Lost mutation: You are very agile. (Dex +8, Str/Int -2)
                  | [Jiyva's grace]
 11560 | Pan      | Lost mutation: You are agile. (Dex +4, Str/Int -1) [Jiyva's
                  | grace]
 11560 | Pan      | Lost mutation: You are highly strong-willed. (Will++)
                  | [Jiyva's grace]
 11560 | Pan      | Gained mutation: You have acidic saliva. [Jiyva's grace]
 11560 | Pan      | Gained mutation: You have an increased reservoir of magic.
                  | (+10% MP) [Jiyva's grace]
 11560 | Pan      | Gained mutation: You have a considerably increased
                  | reservoir of magic. (+20% MP) [Jiyva's grace]
 11560 | Pan      | Gained mutation: You have a greatly increased reservoir of
                  | magic. (+30% MP) [Jiyva's grace]
 11601 | Pan      | Killed a seraph
 11620 | Pan      | Got the Incunabulum of the Volcano and Topology
 11632 | Pan      | Got the Cyclopedia of Igneous Decomposition
 11637 | Pan      | Got a demonic rune of Zot
 11761 | Pan      | Noticed Citimej the pandemonium lord
 11763 | Pan      | Killed Citimej the pandemonium lord
 11804 | Pan      | Reached XP level 24. HP: 118/118 MP: 60/60
 11822 | Pan      | Entered the realm of Cerebov.
 11907 | Pan      | Identified the amulet "Bicocee" {Acrobat SInv}
 11931 | Pan      | Found the +6 sword of Cerebov {flame}
 11931 | Pan      | Noticed Cerebov
 11933 | Pan      | Identified the ring "Neleach" {rF++ Str+3 SInv}
 11986 | Pan      | Identified the +9 morningstar "Ihac" {flame, Int+6 Stlth+}
 12024 | Pan      | Learned a level 7 spell: Spellforged Servitor
 12065 | Pan      | Killed Cerebov
 12074 | Pan      | Identified the staff of the Inviting Visionary {rElec rC+
                  | Str-4 Conj}
 12100 | Pan      | Got Lahilypp's Octavo of Morbid Phantasms
 12113 | Pan      | Got the Anthology of Bright Invitation
 12127 | Pan      | Got a fiery rune of Zot
 12198 | Pan      | Found an exit through the horrors of the Abyss.
 12215 | Pan      | Reached skill level 10 in Summonings
 12391 | Pan      | Found an exit through the horrors of the Abyss.
 12393 | Pan      | Lost mutation: You have large cloven feet. [Jiyva's grace]
 12393 | Pan      | Lost mutation: You have a moderately thin skeletal
                  | structure. (Dex +4, Stealth++) [Jiyva's grace]
 12393 | Pan      | Lost mutation: You have a greatly increased reservoir of
                  | magic. (+30% MP) [Jiyva's grace]
 12393 | Pan      | Lost mutation: Your gelatinous body deflects attacks. (AC
                  | +3, EV +3) [Jiyva's grace]
 12393 | Pan      | Lost mutation: You passively dampen the noise of your
                  | surroundings. [Jiyva's grace]
 12393 | Pan      | Gained mutation: You are covered in fur. (AC +1) [Jiyva's
                  | grace]
 12393 | Pan      | Gained mutation: You are covered in thick fur. (AC +2)
                  | [Jiyva's grace]
 12393 | Pan      | Gained mutation: Your thick and shaggy fur keeps you warm.
                  | (AC +3, rC+) [Jiyva's grace]
 12393 | Pan      | Gained mutation: Your muscles are strong. (Str +4, Int/Dex
                  | -1) [Jiyva's grace]
 12404 | Pan      | Noticed Nechitir the pandemonium lord
 12414 | Pan      | Gained mutation: You are frail. (-10% HP) [a cacodemon]
 12474 | Pan      | Lost mutation: You have a considerably increased reservoir
                  | of magic. (+20% MP) [a cacodemon]
 12532 | Pan      | Noticed Wecos the pandemonium lord
 12562 | Pan      | Learned a level 7 spell: Orb of Destruction
 12584 | Pan      | Found an exit through the horrors of the Abyss.
 12619 | Pan      | Noticed Diohofung the pandemonium lord
 12708 | Pan      | Entered the realm of Gloorx Vloq.
 12855 | Pan      | Learned a level 9 spell: Dragon's Call
 12859 | Pan      | Noticed Gloorx Vloq
 12957 | Pan      | Got a dark rune of Zot
 12977 | Pan      | Lost mutation: You are partially covered in iridescent
                  | scales. (AC +2) [Jiyva's grace]
 12977 | Pan      | Lost mutation: You have a somewhat thin skeletal structure.
                  | (Dex +2, Stealth+) [Jiyva's grace]
 12977 | Pan      | Lost mutation: You are frail. (-10% HP) [Jiyva's grace]
 12977 | Pan      | Lost mutation: Your thick and shaggy fur keeps you warm.
                  | (AC +3, rC+) [Jiyva's grace]
 12977 | Pan      | Lost mutation: Your muscles are strong. (Str +4, Int/Dex
                  | -1) [Jiyva's grace]
 12977 | Pan      | Lost mutation: Your pliable body absorbs attacks. (AC +2,
                  | EV +2) [Jiyva's grace]
 12977 | Pan      | Lost mutation: Your rubbery body absorbs attacks. (AC +1,
                  | EV +1) [Jiyva's grace]
 12977 | Pan      | Lost mutation: You are covered in slimy tendrils that may
                  | disarm your opponents. [Jiyva's grace]
 12977 | Pan      | Gained mutation: Your natural rate of healing is unusually
                  | fast. [Jiyva's grace]
 12977 | Pan      | Gained mutation: You heal very quickly. [Jiyva's grace]
 12977 | Pan      | Gained mutation: You regenerate. [Jiyva's grace]
 12977 | Pan      | Gained mutation: You possess an exceptional clarity of
                  | mind. [Jiyva's grace]
 13018 | Pan      | Entered the realm of Mnoleg.
 13018 | Pan      | Noticed Mnoleg
 13030 | Pan      | Got a glowing rune of Zot
 13061 | Pan      | Found an exit through the horrors of the Abyss.
 13077 | Pan      | Gained mutation: You are frail. (-10% HP) [a cacodemon]
 13107 | Pan      | Gained mutation: You expend magic power (3 MP) to
                  | strengthen your wands. [a cacodemon]
 13140 | Pan      | Entered the realm of Lom Lobon.
 13217 | Pan      | Noticed Lom Lobon
 13222 | Pan      | Got a magical rune of Zot
 13226 | Pan      | Noticed Ignacio
 13257 | Pan      | Noticed Gloorx Vloq
 13267 | Pan      | Killed Gloorx Vloq
 13268 | Pan      | Reached XP level 25. HP: 109/109 MP: 51/51
 13299 | Pan      | Found an exit through the horrors of the Abyss.
 13305 | Pan      | Took an exit into the Abyss.
 13305 | Abyss:1  | Escaped into the Abyss
 13405 | Abyss:3  | Gained mutation: Armour fits poorly on your strangely
                  | shaped body. [mutagenic glow]
 13414 | Abyss:3  | Found the +10 Black Knight's barding {ponderous, rPois rN+}
 13415 | Abyss:3  | Found a corrupted altar of Lugonu.
 13416 | Abyss:3  | Lost mutation: You possess an exceptional clarity of mind.
                  | [Jiyva's grace]
 13416 | Abyss:3  | Lost mutation: You are frail. (-10% HP) [Jiyva's grace]
 13416 | Abyss:3  | Lost mutation: You have an increased reservoir of magic.
                  | (+10% MP) [Jiyva's grace]
 13416 | Abyss:3  | Lost mutation: You are strong-willed. (Will+) [Jiyva's
                  | grace]
 13416 | Abyss:3  | Lost mutation: You regenerate. [Jiyva's grace]
 13416 | Abyss:3  | Lost mutation: You are covered in thick fur. (AC +2)
                  | [Jiyva's grace]
 13416 | Abyss:3  | Gained mutation: You regenerate. [Jiyva's grace]
 13416 | Abyss:3  | Gained mutation: Your translucent skin slightly reduces
                  | your foes' accuracy. (Stealth+) [Jiyva's grace]
 13416 | Abyss:3  | Gained mutation: Your translucent skin reduces your foes'
                  | accuracy. (Stealth+) [Jiyva's grace]
 13416 | Abyss:3  | Gained mutation: Your transparent skin significantly
                  | reduces your foes' accuracy. (Stealth+) [Jiyva's grace]
 13416 | Abyss:3  | Gained mutation: You occasionally shout uncontrollably at
                  | your foes. [mutagenic glow]
 13442 | Abyss:3  | Found a corrupted altar of Lugonu.
 13511 | Abyss:3  | Found a corrupted altar of Lugonu.
 13642 | Abyss:5  | Got an abyssal rune of Zot
 13647 | Depths:2 | Escaped the Abyss
 13648 | Depths:2 | Upgraded the game from 0.32-a0-5-gbffa963729 to
                  | 0.32-a0-12-g7fc57aa741
 13684 | Hell     | Entered the Vestibule of Hell
 13684 | Hell     | Noticed Geryon
 13700 | Hell     | Killed Geryon
 13745 | Depths:2 | Gained mutation: Your spells are a little harder to cast,
                  | but a little more powerful. [mutagenic glow]
 13765 | Depths:2 | Gained mutation: You are vulnerable to cold. (rC-)
                  | [mutagenic glow]
 13838 | Hell     | Reached skill level 15 in Summonings
 13903 | Hell     | Found a gateway to the decaying netherworld of Tartarus.
 13912 | Tar:1    | Entered Level 1 of Tartarus
 14028 | Tar:2    | Learned a level 2 spell: Blink
 14094 | Tar:2    | Lost mutation: You occasionally shout uncontrollably at
                  | your foes. [Jiyva's grace]
 14094 | Tar:2    | Lost mutation: You are covered in fur. (AC +1) [Jiyva's
                  | grace]
 14094 | Tar:2    | Lost mutation: Your transparent skin significantly reduces
                  | your foes' accuracy. (Stealth+) [Jiyva's grace]
 14094 | Tar:2    | Gained mutation: You have large cloven feet. [Jiyva's
                  | grace]
 14094 | Tar:2    | Gained mutation: You have hoof-like feet. [Jiyva's grace]
 14094 | Tar:2    | Gained mutation: You have hooves in place of feet. [Jiyva's
                  | grace]
 14094 | Tar:2    | Gained mutation: Your melee attacks may engulf your foes in
                  | ooze. [Jiyva's grace]
 14284 | Tar:7    | Entered Level 7 of Tartarus
 14301 | Tar:7    | Reached XP level 26. HP: 113/113 MP: 31/48
 14463 | Tar:7    | Noticed Ereshkigal
 14473 | Tar:7    | Killed Ereshkigal
 14492 | Tar:7    | Got a bone rune of Zot
 14525 | Tar:7    | Noticed an ancient lich
 14527 | Tar:7    | Noticed a dread lich
 14536 | Tar:7    | Killed an ancient lich
 14553 | Hell     | Found a gateway to the freezing wastes of Cocytus.
 14559 | Coc:1    | Entered Level 1 of Cocytus
 14693 | Coc:3    | Noticed a dread lich
 14697 | Coc:3    | Killed a dread lich
 14943 | Coc:6    | Reached XP level 27. HP: 130/130 MP: 8/48
 14963 | Coc:7    | Entered Level 7 of Cocytus
 15053 | Coc:7    | Paralysed by a wendigo for 1 turns
 15196 | Coc:7    | Noticed Antaeus
 15217 | Coc:7    | Killed Antaeus
 15218 | Coc:7    | Reached skill level 10 in Fighting
 15232 | Coc:7    | Got an icy rune of Zot
 15235 | Coc:7    | Found the +0 pair of fencer's gloves {Riposte Dex+3}
 15316 | Hell     | Learned a level 8 spell: Discord
 15339 | Hell     | Found a gateway to the ashen valley of Gehenna.
 15348 | Geh:1    | Entered Level 1 of Gehenna
 15363 | Geh:1    | Reached skill level 21 in Dodging
 15574 | Geh:4    | Lost mutation: You have hooves in place of feet. [Jiyva's
                  | grace]
 15574 | Geh:4    | Lost mutation: Your spells are a little harder to cast, but
                  | a little more powerful. [Jiyva's grace]
 15574 | Geh:4    | Lost mutation: You have acidic saliva. [Jiyva's grace]
 15574 | Geh:4    | Lost mutation: Your translucent skin reduces your foes'
                  | accuracy. (Stealth+) [Jiyva's grace]
 15574 | Geh:4    | Gained mutation: You have a pair of small antennae on your
                  | head. [Jiyva's grace]
 15574 | Geh:4    | Gained mutation: You have a pair of antennae on your head.
                  | [Jiyva's grace]
 15574 | Geh:4    | Gained mutation: You have a pair of large antennae on your
                  | head. (SInv) [Jiyva's grace]
 15574 | Geh:4    | Gained mutation: Your translucent skin reduces your foes'
                  | accuracy. (Stealth+) [Jiyva's grace]
 15640 | Geh:5    | Noticed a dread lich
 15648 | Geh:5    | Killed a dread lich
 15749 | Geh:7    | Entered Level 7 of Gehenna
 15779 | Geh:7    | Noticed the Serpent of Hell
 15786 | Geh:7    | Reached skill level 22 in Dodging
 15818 | Geh:7    | Killed the Serpent of Hell
 16067 | Geh:7    | Found the +13 sceptre of Asmodeus
 16067 | Geh:7    | Noticed Asmodeus
 16086 | Geh:7    | Killed Asmodeus
 16104 | Geh:7    | Got an obsidian rune of Zot
 16195 | Hell     | Found a gateway to the Iron City of Dis.
 16217 | Dis:1    | Entered Level 1 of the Iron City of Dis
 16369 | Dis:2    | You fall into a shaft and drop 1 floor!
 16485 | Dis:4    | Lost mutation: You have hoof-like feet. [Jiyva's grace]
 16485 | Dis:4    | Lost mutation: Armour fits poorly on your strangely shaped
                  | body. [Jiyva's grace]
 16485 | Dis:4    | Lost mutation: Your translucent skin reduces your foes'
                  | accuracy. (Stealth+) [Jiyva's grace]
 16485 | Dis:4    | Lost mutation: Your melee attacks may engulf your foes in
                  | ooze. [Jiyva's grace]
 16485 | Dis:4    | Gained mutation: You have acidic saliva. [Jiyva's grace]
 16485 | Dis:4    | Gained mutation: Your body has grown eyes which may confuse
                  | attackers. (Acc +3) [Jiyva's grace]
 16485 | Dis:4    | Gained mutation: Your body has grown many eyes which may
                  | confuse attackers. (Acc +5) [Jiyva's grace]
 16485 | Dis:4    | Gained mutation: Your body is covered in eyes which may
                  | confuse attackers. (Acc +7, SInv) [Jiyva's grace]
 16519 | Dis:4    | Reached skill level 23 in Dodging
 16643 | Dis:6    | Lost strength.
 16678 | Dis:6    | Reached skill level 15 in Hexes
 16732 | Dis:7    | Entered Level 7 of the Iron City of Dis
 16854 | Dis:7    | Noticed a juggernaut
 16855 | Dis:7    | Noticed a juggernaut
 16860 | Dis:7    | Killed a juggernaut
 16861 | Dis:7    | Killed a juggernaut
 16953 | Dis:7    | Noticed a juggernaut
 16956 | Dis:7    | Killed a juggernaut
 17119 | Dis:7    | Noticed Dispater
 17134 | Dis:7    | Killed Dispater
 17148 | Dis:7    | Got an iron rune of Zot
 17674 | Vaults:2 | Found a staircase to the Crypt.
 17688 | Crypt:1  | Entered Level 1 of the Crypt
 17689 | Crypt:1  | Noticed Mennas
 17690 | Crypt:1  | Noticed Grunn
 17693 | Crypt:1  | Killed Grunn
 17706 | Crypt:1  | Killed Mennas
 17714 | Crypt:1  | Lost mutation: You regenerate. [Jiyva's grace]
 17714 | Crypt:1  | Lost mutation: Your body is covered in eyes which may
                  | confuse attackers. (Acc +7, SInv) [Jiyva's grace]
 17714 | Crypt:1  | Lost mutation: Your body has grown many eyes which may
                  | confuse attackers. (Acc +5) [Jiyva's grace]
 17714 | Crypt:1  | Lost mutation: You are vulnerable to cold. (rC-) [Jiyva's
                  | grace]
 17714 | Crypt:1  | Lost mutation: You expend magic power (3 MP) to strengthen
                  | your wands. [Jiyva's grace]
 17714 | Crypt:1  | Gained mutation: Your melee attacks may engulf your foes in
                  | ooze. [Jiyva's grace]
 17714 | Crypt:1  | Gained mutation: You expend magic power (3 MP) to
                  | strengthen your wands. [Jiyva's grace]
 17714 | Crypt:1  | Gained mutation: You are covered in slimy tendrils that may
                  | disarm your opponents. [Jiyva's grace]
 17714 | Crypt:1  | Gained mutation: Your spells are a little harder to cast,
                  | but a little more powerful. [Jiyva's grace]
 17742 | Crypt:3  | Entered Level 3 of the Crypt
 17782 | Crypt:3  | Found a staircase to the Tomb.
 17797 | Tomb:1   | Entered Level 1 of the Tomb of the Ancients
 17834 | Tomb:1   | Reached skill level 24 in Dodging
 17860 | Tomb:1   | Noticed a royal mummy
 17865 | Tomb:1   | Killed a royal mummy
 17910 | Tomb:2   | Noticed a royal mummy
 17910 | Tomb:2   | Noticed a royal mummy
 17910 | Tomb:2   | Noticed a royal mummy
 17912 | Tomb:2   | Noticed a royal mummy
 17918 | Tomb:2   | Killed a royal mummy
 17919 | Tomb:2   | Killed a royal mummy
 17926 | Tomb:2   | Killed a royal mummy
 17932 | Tomb:2   | Killed a royal mummy
 17971 | Tomb:1   | Noticed a royal mummy
 17971 | Tomb:1   | Noticed a royal mummy
 17972 | Tomb:1   | Noticed a royal mummy
 17976 | Tomb:1   | Killed a royal mummy
 17979 | Tomb:1   | Killed a royal mummy
 17980 | Tomb:1   | Noticed a royal mummy
 17981 | Tomb:1   | Killed a royal mummy
 17982 | Tomb:1   | Noticed a royal mummy
 17986 | Tomb:1   | Killed a royal mummy
 17988 | Tomb:1   | Killed a royal mummy
 17988 | Tomb:1   | Noticed a royal mummy
 17996 | Tomb:1   | Killed a royal mummy
 18006 | Tomb:1   | Noticed a royal mummy
 18009 | Tomb:1   | Noticed a royal mummy
 18017 | Tomb:1   | Killed a royal mummy
 18018 | Tomb:1   | Killed a royal mummy
 18023 | Tomb:1   | Noticed a royal mummy
 18028 | Tomb:1   | Noticed a royal mummy
 18033 | Tomb:1   | Noticed a royal mummy
 18034 | Tomb:1   | Killed a royal mummy
 18034 | Tomb:1   | Noticed a royal mummy
 18042 | Tomb:1   | Killed a royal mummy
 18044 | Tomb:1   | Killed a royal mummy
 18049 | Tomb:1   | Noticed a royal mummy
 18052 | Tomb:1   | Noticed a royal mummy
 18053 | Tomb:1   | Killed a royal mummy
 18053 | Tomb:1   | Noticed a royal mummy
 18057 | Tomb:1   | Killed a royal mummy
 18057 | Tomb:1   | Killed a royal mummy
 18058 | Tomb:1   | Noticed a royal mummy
 18063 | Tomb:1   | Killed a royal mummy
 18069 | Tomb:1   | Killed a royal mummy
 18070 | Tomb:1   | Reached skill level 25 in Dodging
 18071 | Tomb:1   | Noticed a royal mummy
 18071 | Tomb:1   | Killed a royal mummy
 18081 | Tomb:1   | Killed a royal mummy
 18084 | Tomb:1   | Killed a royal mummy
 18185 | Tomb:3   | Entered Level 3 of the Tomb of the Ancients
 18201 | Tomb:3   | Noticed a royal mummy
 18209 | Tomb:3   | Found the +1 robe of Vines {NoPotionHeal Regen++++}
 18214 | Tomb:3   | Killed a royal mummy
 18215 | Tomb:3   | Noticed a royal mummy
 18228 | Tomb:3   | Killed a royal mummy
 18237 | Tomb:3   | Noticed a royal mummy
 18242 | Tomb:3   | Killed a royal mummy
 18242 | Tomb:3   | Noticed a royal mummy
 18245 | Tomb:3   | Killed a royal mummy
 18253 | Tomb:3   | Noticed a royal mummy
 18257 | Tomb:3   | Noticed a royal mummy
 18264 | Tomb:3   | Killed a royal mummy
 18265 | Tomb:3   | Killed a royal mummy
 18266 | Tomb:3   | Noticed a royal mummy
 18266 | Tomb:3   | Noticed a royal mummy
 18267 | Tomb:3   | Killed a royal mummy
 18273 | Tomb:3   | Noticed a royal mummy
 18275 | Tomb:3   | Killed a royal mummy
 18294 | Tomb:3   | Got a golden rune of Zot
 18297 | Tomb:3   | Got a sanguine gem with 1033 turns to spare
 18315 | Tomb:3   | Noticed Khufu
 18319 | Tomb:3   | Killed Khufu
 18325 | Tomb:3   | Found the +3 giant club "Skullcrusher" {speed, Str+7}
 18333 | Tomb:3   | Killed a royal mummy
 18340 | Tomb:3   | Identified the ring "Quvuneju" {Fly rC+ Will+}
 18367 | Tomb:1   | Identified the +1 orcbow of Jobiod {antimagic, ^Fragile
                  | rN++ Str+3}
 18497 | Crypt:1  | Noticed Sojobo
 18518 | Vaults:2 | Reached skill level 26 in Dodging
 18658 | Depths:4 | Found a gate to the Realm of Zot.
 18666 | Depths:4 | Got a midnight gem with 703 turns to spare
 18676 | Zot:1    | Entered Level 1 of the Realm of Zot
 18681 | Zot:1    | Reached skill level 15 in Fighting
 18720 | Zot:1    | Lost mutation: You have a pair of large antennae on your
                  | head. (SInv) [Jiyva's grace]
 18720 | Zot:1    | Lost mutation: You have large cloven feet. [Jiyva's grace]
 18720 | Zot:1    | Gained mutation: Your translucent skin reduces your foes'
                  | accuracy. (Stealth+) [Jiyva's grace]
 18720 | Zot:1    | Gained mutation: Your transparent skin significantly
                  | reduces your foes' accuracy. (Stealth+) [Jiyva's grace]
 18720 | Zot:1    | Gained mutation: Your movements are slightly less
                  | encumbered by armour. (ER -2) [Jiyva's grace]
 18720 | Zot:1    | Gained mutation: Your movements are less encumbered by
                  | armour. (ER -4) [Jiyva's grace]
 18811 | Zot:1    | Found a runed translucent gate.
 18812 | Zot:1    | Found a runed translucent gate.
 18813 | Zot:1    | Found a runed translucent gate.
 18813 | Zot:1    | Noticed Emnejil's ghost (master VSBe)
 18822 | Zot:2    | Noticed an orb of fire
 18833 | Zot:2    | Killed an orb of fire
 19097 | Zot:3    | Reached skill level 27 in Dodging
 19151 | Zot:4    | Found a stormy altar of Qazlal.
 19184 | Zot:5    | Entered Level 5 of the Realm of Zot
 19256 | Zot:5    | Got a prismatic gem with 112 turns to spare
 19265 | Zot:5    | Noticed a dread lich
 19268 | Zot:5    | Killed a dread lich
 19291 | Zot:5    | Noticed an ancient lich
 19298 | Zot:5    | Killed an ancient lich
 19304 | Zot:5    | Noticed an orb of fire
 19312 | Zot:5    | Noticed a dread lich
 19316 | Zot:5    | Killed an orb of fire
 19317 | Zot:5    | Killed a dread lich
 19325 | Zot:5    | Noticed a dread lich
 19327 | Zot:5    | Lost the prismatic gem through the power of Zot.
 19330 | Zot:5    | Killed a dread lich
 19333 | Zot:5    | Noticed a dread lich
 19338 | Zot:5    | Killed a dread lich
 19349 | Zot:5    | Noticed an ancient lich
 19352 | Zot:5    | Killed an ancient lich
 19355 | Zot:5    | Noticed a dread lich
 19359 | Zot:5    | Killed a dread lich
 19406 | Zot:5    | Killed a dread lich
 19434 | Zot:5    | Got the Orb of Zot
 19476 | Zot:3    | Noticed Mnoleg
 19527 | Zot:2    | Noticed Narr the pandemonium lord
 19774 | D:6      | Sapher: yeayea...when i finish the game i find first net
 19776 | D:6      | Turgon: 2nd!
 19783 | D:6      | Noticed Oti Zeti the pandemonium lord
 19785 | D:6      | Goblin1989: !hs sapher
 19792 | D:5      | Turgon: no beem active
 19793 | D:5      | Goblin1989: lol
 19793 | D:5      | Goblin1989: eah
 19793 | D:5      | Turgon: but Sapher hs is about 200.000.000
 19794 | D:5      | Identified the +0 scale mail "Igonuydd" {Dex+3}
 19796 | D:5      | Turgon: with his 7 k Me
 19804 | D:4      | Turgon: But this is gonna be new spriggan hs
 19811 | D:4      | Turgon: much better than the old spriggan hs of Yermak from
                  | 2014 (!)
 19885 | D:$      | Escaped with the Orb!

Illustrated notes

Levels and vault maps discovered:
D:1:      matt_arrival_spirals, layout_basic
D:2:      layout_basic, hellmonk_ecumenical_altar_blasted,
          amcnicky_mini_rare_corridor_liquid
D:3:      layout_loops_ring, elyvilon_altar_1, dreamdust_princess_bridge,
          small_statue_intersection
D:4:      layout_basic, gammafunk_temple_overflow_elements,
          mainiacjoe_overflow_boulevard, minmay_temple_entry_slanted,
          minmay_misc_feat_alley
D:5:      layout_loops_ring, mainiacjoe_ossuary_entry_dusty_tomb
D:6:      layout_cave_pods, nicolae_gozag_cash_rules_everything_around_me,
          minmay_crossroads
D:7:      layout_loops_ring, mainiacjoe_overflow_surrounded_room,
          skrybe_limestone_x, uniq_jeremiah
D:8:      layout_basic, marbit_many_paths
D:9:      layout_irregular_city, serial_shops, shop
D:10:     wad_cavern_with_rooms, layout_stronghold,
          nicolae_overflow_hidden_temple
D:11:     layout_big_octagon, due_lair_maze_entry_diamond, serial_shops, shop
D:12:     layout_long_grid, okawaru_altar_gauntlet_db, uniq_frances
D:13:     layout_cave_pools, serial_shops, shop_coins
D:14:     layout_irregular_city, erik_vaults_2, roderic_roman_lattice,
          uniq_nessos, uniq_jorgrun
D:15:     hangedman_depths_entry_civil_slaughter, layout_cave_pools,
          nicolae_kikubaaqudgha_miasma_corner, special_room [special_room_bee]
Lair:1:   layout_long_grid
Lair:2:   minmay_lair_oklob_tunnel, layout_layer_cave,
          nicolae_spider_entry_non_spiders, serial_bayou_shore_b,
          lemuel_fruit_fields, grunt_megastairs_3, infiniplex_staircase_pool_2
Lair:3:   layout_big_grid, minmay_swamp_entry_worms, enter_volcano_4,
          serial_bayou_shore_a, grunt_megastairs_2, uniq_kirke, uniq_sonja
Lair:4:   layout_gridlike, beast_lair_carwin_8
Lair:5:   gammafunk_lair_ancient_temple, layout_regular_city,
          minmay_slime_entry_jelly_boxes, basic_altar
Swamp:1:  gammafunk_mikee_crab_dinner, layout_falls_marsh,
          evilmike_swamp_ruin_house_3, nicolae_swamp_thats_no_hydra,
          infiniplex_staircase_pool
Swamp:2:  layout_basic_swamp, nicolae_swamp_fairy_circle,
          hangedman_swamp_wriggling, uniq_louise
Swamp:3:  layout_basic_swamp, evilmike_swamp_ruin_rubble_1, uniq_donald
Swamp:4:  swamp_alternative, layout_basic_swamp, uniq_mara
Spider:1: layout_spider_delve
Spider:2: layout_spider_delve, portal_ice_cave_entry_frozen_things, drop_trap
Spider:3: layout_chambers, nicolae_spider_world_wide_web
Spider:4: guppyfry_spider_rune, nicolae_spider_undead_wolf_pack, uniq_roxanne
Slime:1:  layout_caves
Slime:2:  cheibrodos_slime_lost_civilization_8, layout_caves
Slime:3:  layout_caves
Slime:4:  layout_caves, nicolae_slime_barrier
Slime:5:  slime_pit_nicolae_inversion
Orc:1:    layout_caves
Orc:2:    grunt_orc_cross, layout_caves, serial_shops, shop,
          nicolae_shop_overcharged_wands
Elf:1:    nicolae_elf_arrival_dilemma, layout_geoelf_octagon, serial_sigils,
          serial_sigils_hangedman_etch, serial_sigils_hangedman_carve,
          serial_sigils_hangedman_gut, serial_sigils_hangedman_snap,
          kennysheep_underground_church
Elf:2:    nicolae_elf_blades_splatter_lattice [nicolae_blade_lattice],
          layout_rooms, gammafunk_ghost_split, serial_shops, shop
Elf:3:    minmay_elf_hall_hex, layout_onion_city, elf_orc_summit_meeting
Vaults:1: nicolae_vaults_house_3, ontoclasm_vaults_tryst, v_misc_22,
          ontoclasm_vaults_decontamination, nicolae_vaults_crenellated_ambush,
          hangedman_vaults_nodes, nicolae_vaults_trapezoid_lopsided_1,
          layout_vaults_omnicross, nicolae_trove_entry_isolated
Vaults:2: nicolae_vaults_network_quinsquares
          [nicolae_vaults_network_quincunx_subvault,
          nicolae_vaults_network_quincunx_subvault,
          nicolae_vaults_network_quincunx_subvault,
          nicolae_vaults_network_quincunx_subvault], vaults_dpeg_diagonal,
          minmay_crypt_entry_nasty_monster, nicolae_vaults_murderbox,
          nicolae_vaults_weapon_check, nicolae_vaults_circle_grid_a,
          grunt_vaults_hallway_short, vaults_mumra_minichess_inversion,
          serial_library_hellmonk_open_square,
          nicolae_vaults_heart-shaped_vault, vaults_mumra_hexcomb,
          nicolae_vaults_heart-shaped_vault, grunt_vaults_focal, v_misc_15,
          nicolae_vaults_tetromino_Z_1, layout_vaults_maze, serial_shops, shop
Vaults:3: vaults_room_octagon, v_misc_2, nicolae_vaults_wine_cellar,
          serial_library_hellmonk_open_square, nicolae_vaults_surprise_closet,
          v_pattern_3, v_misc_1, nicolae_vaults_trapezoid_lopsided_4,
          hangedman_vaults_locks, nicolae_vaults_little_guard_posts,
          serial_library_hellmonk_semicircle, layout_vaults_chaotic_city
Vaults:4: nicolae_vaults_ellipses_ellipsis, dpeg_vaults_monster_row,
          nicolae_vaults_branching_niches, ontoclasm_vaults_idyll,
          nicolae_vaults_sesquioval_fish, nicolae_vaults_tetromino_T_2,
          vaults_dpeg_ring, layout_vaults_omnigrid
Vaults:5: uniq_xtahua
Crypt:1:  layout_rooms, uniq_sojobo, uniq_mennas, uniq_grunn, uniq_jory
Crypt:2:  cheibrodos_crypt_draghalla, layout_misc_corridors,
          gammafunk_ghost_mausoleum, grunt_ministairs_4, uniq_margery
Crypt:3:  evilmike_haunted_forest
Tomb:1
Tomb:2
Tomb:3:   uniq_khufu
Depths:1: layout_roguey, hangedman_decor_slide_cut, grunt_hell_entry_dis_mu,
          minmay_misc_feat_enclosed, nicolae_letterblocks
          [nicolae_letter_subblock, nicolae_letter_subblock,
          nicolae_letter_subblock, nicolae_letter_subblock,
          nicolae_letter_subblock, nicolae_letter_subblock,
          nicolae_letter_subblock, nicolae_letter_subblock,
          nicolae_letter_subblock, nicolae_letter_subblock,
          nicolae_letter_subblock, nicolae_letter_subblock,
          nicolae_letter_subblock, nicolae_letter_subblock,
          nicolae_letter_subblock, nicolae_letter_subblock,
          nicolae_letter_subblock, nicolae_letter_subblock,
          nicolae_letter_subblock, nicolae_letter_subblock,
          nicolae_letter_subblock, nicolae_letter_subblock,
          nicolae_letter_subblock, nicolae_letter_subblock,
          nicolae_letter_subblock], grunt_megastairs_4, uniq_bai_suzhen,
          uniq_norris
Depths:2: grunt_double_whammy, layout_long_grid, enter_ziggurat_e,
          gammafunk_ghost_arena, abyss_entry, hell_entry, serial_bayou_pond_d,
          rand_demon_pan_entry_7, infiniplex_staircase_zigzag_1, uniq_josephina
Depths:3: minmay_strange_plus, layout_honeycomb, abyss_entry_crystal,
          rand_demon_pan_entry_4, hell_entry, nrook_loot_triangle, minivault_16,
          kennysheep_generic_room_13
Depths:4: evilmike_zot_entry_diamond, layout_gridlike, abyss_entry, hell_entry,
          rand_demon_pan_entry_1, fedhas_altar_2, serial_shops, bzr_entry_islet,
          nzn_wu_jian_contemplation, uniq_frederick
Hell
Dis:1:    layout_subdivisions
Dis:2:    layout_jigsaw
Dis:3:    layout_regular_city
Dis:4:    layout_jigsaw
Dis:5:    layout_regular_city
Dis:6:    layout_jigsaw
Dis:7:    dis_grunt_layers
Geh:1:    layout_gehenna_pools_basic
Geh:2:    layout_gehenna_pools_box, lemuel_hellion_isle
Geh:3:    layout_gehenna_pools_box
Geh:4:    layout_gehenna_lava_caves
Geh:5:    layout_gehenna_pools_basic
Geh:6:    layout_gehenna_pools_basic
Geh:7:    geh_hangedman
Coc:1:    layout_ice_bergs
Coc:2:    layout_cocytus_water_paths
Coc:3:    nicolae_coc_on_the_berg
Coc:4:    layout_cocytus_delve
Coc:5:    layout_ice_bergs
Coc:6:    layout_cocytus_water_paths
Coc:7:    coc_old
Tar:1:    layout_cathedral_of_symmetry, nicolae_tar_cuneiform_two,
          nicolae_tar_combbox
Tar:2:    layout_honeycomb
Tar:3:    layout_grid_maze
Tar:4:    layout_grid_maze, nicolae_hells_hurtin_island
Tar:5:    layout_grid_maze, grunt_tartarus_stairs_gauntlet_trap
Tar:6:    nicolae_tar_fractal_crypt, layout_cathedral_of_symmetry
Tar:7:    tar_old
Zot:1:    layout_concentric_octagons, gammafunk_ghost_tricky_traps, uniq_vv
Zot:2:    lemuel_halls_of_wrath, layout_misc_corridors,
          regret_index_zotdec_tunneler
Zot:3:    layout_gridlike, grunt_megastairs_1
Zot:4:    layout_basic, regret_index_zotdec_storm_pass
Zot:5:    layout_misc_corridors

Skill      XL: |  1  2  3  4  5  6  7  8  9 10 11 12 13 14 15 16 17 18 19 20 21 22 23 24 25 26 27 |
---------------+----------------------------------------------------------------------------------+-----
Stealth        | 5 6 7 8 9 10 11 14 16 18 20 21 22 24 25 | 25.9
Short Blades   | 2 3 4 5 6 8 10 | 10.0
Evocations     | 1 2 3 4 5 6 10 12 | 12.0
Spellcasting   | 3 4 5 6 8 10 12 14 15 18 20 25 | 25.4
Hexes          | 4 5 6 8 12 18 | 18.0
Dodging        | 4 6 8 10 13 15 17 20 27 | 27.0
Fighting       | 5 6 8 9 16 | 16.9
Shapeshifting  | 6 7 15 16 17 18 23 | 23.0
Conjurations   | 8 9 11 | 11.0
Air Magic      | 6 |  6.1
Translocations | 6 8 10 11 | 11.0
Earth Magic    | 2 4 5 |  5.9
Long Blades    | 1 8 10 11 12 | 12.9
Necromancy     | 3 5 |  5.0
Summonings     | 7 8 13 16 20 22 | 22.3
Throwing       | 3 4 |  4.0

Action                     |  1- 3 |  4- 6 |  7- 9 | 10-12 | 13-15 | 16-18 | 19-21 | 22-24 | 25-27 || total
---------------------------+-------+-------+-------+-------+-------+-------+-------+-------+-------++-------
  Melee: Dagger            |    27 |     7 |    37 |   153 |   348 |   149 |       |       |       ||   721
         Bite              |       |       |       |       |    29 |    16 |    36 |    21 |    88 ||   190
         Kick              |       |       |       |       |     1 |    28 |    32 |    45 |   212 ||   318
         Knife             |       |       |       |       |       |   228 |   262 |   218 |   245 ||   953
         Scimitar          |       |       |       |       |       |     2 |   116 |       |     7 ||   125
         Long sword        |       |       |       |       |       |       |    55 |    27 |    53 ||   135
         Eudemon blade     |       |       |       |       |       |       |       |   378 |   907 ||  1285
  Throw: Dart              |       |       |       |     1 |       |     1 |     1 |     1 |     1 ||     5
   Cast: Ensorcelled Hiber |     4 |     9 |    27 |   129 |   220 |   251 |   108 |    61 |    20 ||   829
         Confusing Touch   |       |       |       |     9 |    19 |    10 |    22 |     9 |     4 ||    73
         Dazzling Flash    |       |       |       |     1 |     6 |    19 |    59 |    52 |     9 ||   146
         Passage of Golubr |       |       |       |       |     3 |   102 |    99 |   237 |   588 ||  1029
         Iskenderun's Myst |       |       |       |       |       |    20 |       |       |       ||    20
         Silence           |       |       |       |       |       |     1 |     2 |       |       ||     3
         Passwall          |       |       |       |       |       |     3 |     4 |    30 |    32 ||    69
         Borgnjor's Vile C |       |       |       |       |       |       |    12 |    21 |    59 ||    92
         Manifold Assault  |       |       |       |       |       |       |     3 |   122 |   222 ||   347
         Spellforged Servi |       |       |       |       |       |       |       |     6 |    12 ||    18
         Dragon's Call     |       |       |       |       |       |       |       |     1 |    67 ||    68
         Discord           |       |       |       |       |       |       |       |       |   109 ||   109
 Invoke: Oozemancy         |       |       |       |       |     1 |     2 |     2 |     2 |     6 ||    13
Ability: Evoke Blink       |       |       |       |       |       |     1 |       |       |       ||     1
         Evoke Invisibilit |       |       |       |       |       |       |       |     4 |       ||     4
  Evoke: Wand              |       |       |     5 |       |     7 |    29 |    15 |    10 |    16 ||    82
         Lightning rod     |       |       |       |       |       |       |     2 |     5 |     6 ||    13
         Phial of floods   |       |       |       |       |       |       |       |     1 |     1 ||     2
         Horn of Geryon    |       |       |       |       |       |       |       |       |     6 ||     6
    Use: Potion            |     1 |       |     3 |     2 |     3 |     3 |     3 |     8 |     8 ||    31
         Scroll            |       |       |     3 |     5 |     3 |    12 |     6 |    18 |    12 ||    59
   Stab: Sleeping          |     8 |     7 |    25 |    92 |   180 |   258 |   141 |    48 |    41 ||   800
         Distracted        |     1 |       |       |       |     3 |    12 |    19 |    15 |    77 ||   127
         Invisible         |       |       |     2 |       |     2 |    14 |    36 |   111 |     8 ||   173
         Betrayed ally     |       |       |     1 |       |       |       |       |       |       ||     1
         Confused          |       |       |       |    12 |    38 |    21 |    44 |     6 |    33 ||   154
         Petrified         |       |       |       |     5 |       |       |       |       |       ||     5
 Armour: Robe              |     8 |     1 |    21 |    40 |   113 |    45 |       |       |       ||   228
         Skin              |       |       |       |       |       |    76 |   177 |   365 |   766 ||  1384
  Dodge: Dodged            |    24 |     4 |    53 |   110 |   341 |   637 |  1236 |  2032 |  3810 ||  8247
   Form: Statue            |       |       |       |       |       |     1 |       |       |       ||     1

Table legend: (Time is in decaauts)
 A = Elapsed time spent in this place.
 B = Non-inter-level travel time spent in this place.
 C = Inter-level travel time spent in this place.
 D = Time resting spent in this place.
 E = Time spent auto-exploring this place.
 F = Levels seen in this place.
 G = Mean time per level.
                   A        B        C        D        E       F      G
               +--------+--------+--------+--------+--------+-----+--------+
         Total |  23439 |  23315 |    124 |      0 |     18 | 123 |  190.6 |
       Dungeon |   2329 |   2329 |      0 |      0 |     18 |  15 |  155.3 |
          Lair |   1227 |   1191 |     36 |      0 |      0 |   5 |  245.4 |
         Swamp |    404 |    397 |      7 |      0 |      0 |   4 |  101.0 |
   Spider Nest |   1342 |   1290 |     52 |      0 |      0 |   4 |  335.5 |
    Slime Pits |    153 |    139 |     14 |      0 |      0 |   5 |   30.6 |
  Orcish Mines |    345 |    345 |      0 |      0 |      0 |   2 |  172.5 |
   Elven Halls |   1614 |   1614 |      0 |      0 |      0 |   3 |  538.0 |
        Vaults |   2251 |   2238 |     13 |      0 |      0 |   5 |  450.2 |
         Crypt |    270 |    270 |      0 |      0 |      0 |   3 |   90.0 |
          Tomb |    955 |    955 |      0 |      0 |      0 |   3 |  318.3 |
        Depths |   2410 |   2410 |      0 |      0 |      0 |   4 |  602.5 |
          Hell |    313 |    313 |      0 |      0 |      0 |   1 |  313.0 |
           Dis |   1387 |   1387 |      0 |      0 |      0 |   7 |  198.1 |
       Gehenna |   1181 |   1181 |      0 |      0 |      0 |   7 |  168.7 |
       Cocytus |   1139 |   1139 |      0 |      0 |      0 |   7 |  162.7 |
      Tartarus |    880 |    880 |      0 |      0 |      0 |   7 |  125.7 |
           Zot |   1398 |   1398 |      0 |      0 |      0 |   5 |  279.6 |
         Abyss |    482 |    482 |      0 |      0 |      0 |   5 |   96.4 |
   Pandemonium |   2677 |   2677 |      0 |      0 |      0 |  17 |  157.5 |
      Ziggurat |    607 |    607 |      0 |      0 |      0 |  13 |   46.7 |
        Bazaar |     68 |     68 |      0 |      0 |      0 |   1 |   68.0 |
               +--------+--------+--------+--------+--------+-----+--------+

Top non-repeatable levels by time:
   Elf:3: 1184 daAuts
Depths:2: 995 daAuts
Vaults:5: 928 daAuts
   Dis:7: 650 daAuts
Depths:1: 614 daAuts
Vaults:3: 587 daAuts
   Geh:7: 586 daAuts
   Coc:7: 531 daAuts
  Tomb:1: 502 daAuts
    D:14: 427 daAuts
  Lair:2: 421 daAuts
Depths:3: 414 daAuts
Vaults:1: 400 daAuts
Spider:3: 397 daAuts
   Zot:5: 396 daAuts
